 Dungeon Crawl Stone Soup version 0.22-a0-3-g4fa69d9 (webtiles) character file.

827725 tidbits the Sensei (level 27, 0/284 HPs)
             Began as a Gnoll Necromancer on Dec 31, 2017.
             Was a High Priest of Cheibriados.
             Slain by a balrug
             ... wielding a +0 demon whip
              (13 damage)
             ... on level 7 of Gehenna on Jan 1, 2018.
             The game lasted 07:42:52 (18976 turns).

tidbits the Sensei (Gnoll Necromancer)             Turns: 18976, Time: 07:42:54

Health: 0/284      AC: 36    Str: 24    XL:     27
Magic:  19/41      EV: 35    Int: 39    God:    Cheibriados [*****.]
Gold:   717        SH: 22    Dex: 30    Spells: 3/64 levels left

rFire    + . .     SeeInvis +     - Unarmed
rCold    + + +     Gourm    .   D - +5 shield {reflect}
rNeg     + + +     Faith    .   (armour currently unavailable)
rPois    ∞         Spirit   .   E - +2 helmet
rElec    +         Reflect  +   C - scarf {rC+ rF+}
rCorr    .         Harm     .   (gloves currently unavailable)
MR       ++...                  (boots currently unavailable)
Stlth    +++++++...             g - amulet of magic regeneration
HPRegen  1.97/turn              W - ring of wizardry
MPRegen  0.52/turn              I - ring of Sin {+Inv +Fly rC+ rN++ Stlth-}

@: statue-form, slightly contaminated, regenerating, studying 3 skills, very
slow
A: distributed training, fangs 1, see invisible, cold resistance 1, low mp 1,
sense surroundings 1, regeneration 1, electricity resistance, strong nose
}: 9/15 runes: decaying, slimy, silver, golden, iron, obsidian, icy, abyssal,
gossamer
a: End Transformation, Bend Time, Temporal Distortion, Slouch, Step From Time,
Renounce Religion, Evoke Invisibility, Evoke Flight


You were on level 7 of Gehenna.
You worshipped Cheibriados.
Cheibriados was extremely pleased with you.
You were near starving.
You were a stone statue.
You visited 16 branches of the dungeon, and saw 75 of its levels.
You visited the Abyss 3 times.
You visited 1 ziggurat, and saw 18 of its levels.
You also visited: Labyrinth and Bailey.

You collected 5415 gold pieces.
You spent 4698 gold pieces at shops.

Inventory:

Hand Weapons
 a - the +6 broad axe of Expedience {chop, rC+ Int+3 Stlth+}
   (You took it off an orc on level 10 of the Dungeon)

   It inflicts extra damage upon your enemies.
   It affects your intelligence (+3).
   It protects you from cold.
   It makes you more stealthy.
 x - the +4 staff of Dispater
   (You took it off Dispater on level 7 of the Iron City of Dis)
Missiles
 n - 8 throwing nets (quivered) {!f}
 q - 12 javelins of penetration
 Y - 4 tomahawks of dispersal {!f}
Armour
 B - a +1 troll leather armour (melded)
 C - a scarf of resistance (worn)
   (You found it on level 1 of the Lair of Beasts)
 D - a +5 shield of reflection (worn)
   (You took it off Donald on level 1 of the Swamp)
 E - a +2 helmet (worn)
 G - the +2 pair of gloves of Unambiguity (melded) {rElec Slay+2}
   (You found it on level 5 of a ziggurat)

   It affects your accuracy and damage with ranged weapons and melee attacks
   (+2).
   It insulates you from electricity.
Magical Staves
 e - an uncursed staff of energy {!a}
   (You found it on level 5 of the Pits of Slime)
Jewellery
 g - an amulet of magic regeneration (around neck)
   (You found it on level 3 of the Crypt)
 i - the ring of Temptation {rC+ rN+ Str+2 Int+3 Dex+4}
   (You found it on level 7 of Gehenna)

   [ring of intelligence]

   It affects your strength (+2).
   It affects your intelligence (+3).
   It affects your dexterity (+4).
   It protects you from cold.
   It protects you from negative energy.
 j - the ring "Kaohe" {-Tele rPois MP+9 Int+4 Slay+3}
   (You found it on level 3 of the Tomb of the Ancients)

   [ring of magical power]

   It affects your intelligence (+4).
   It affects your accuracy and damage with ranged weapons and melee attacks
   (+3).
   It protects you from poison.
   It affects your magic capacity (+9).
   It prevents most forms of teleportation.
 H - the ring of Matrote {+Blink rN++ MR+ Str+3 SInv}
   (You found it on level 12 of a ziggurat)

   [ring of see invisible]

   It affects your strength (+3).
   It greatly protects you from negative energy.
   It affects your resistance to hostile enchantments.
   It lets you see invisible.
   It lets you blink.
 I - the ring of Sin (right hand) {+Inv +Fly rC+ rN++ Stlth-}
   (You bought it in a shop on level 1 of the Depths)

   [ring of protection from cold]

   It protects you from cold.
   It greatly protects you from negative energy.
   It lets you turn invisible.
   It lets you fly.
   It makes you less stealthy.
 K - the ring of Majiba {rF+ MR+ MP+9 SInv}
   (You found it on level 13 of a ziggurat)

   [ring of magical power]

   It protects you from fire.
   It affects your resistance to hostile enchantments.
   It affects your magic capacity (+9).
   It lets you see invisible.
 W - a ring of wizardry (left hand)
   (You found it on level 12 of the Dungeon)
Wands
 f - a wand of enslavement (39)
 h - a wand of iceblast (24)
 m - a wand of digging (13)
Scrolls
 b - a scroll of holy word
 r - 17 scrolls of remove curse
 s - 5 scrolls of magic mapping
 t - 5 scrolls of blinking
 u - a scroll of amnesia
 v - 6 scrolls of teleportation
 w - a scroll of immolation
 O - 4 scrolls of summoning
 Q - 8 scrolls of fog
 X - 7 scrolls of fear
Potions
 d - a potion of heal wounds
 l - a potion of brilliance
 o - 2 potions of cancellation
 z - 2 potions of curing
 A - 8 potions of mutation {!q}
 J - a potion of resistance
 L - 4 potions of flight
 T - a potion of might
 Z - 2 potions of agility
Books
 y - a manual of Maces & Flails
   (You found it on level 3 of the Tomb of the Ancients)
 M - a manual of Unarmed Combat
   (You found it on level 3 of the Crypt)
 P - a manual of Dodging
   (You found it on level 14 of a ziggurat)
Miscellaneous
 k - 3 phantom mirrors
 N - a lamp of fire
 R - a lightning rod (4/4)
 S - a figurine of a ziggurat
 U - 3 boxes of beasts
 V - a phial of floods
Comestibles
 c - 38 rations


   Skills:
 + Level 18.6 Fighting
 + Level 18.6 Short Blades
 + Level 18.6 Long Blades
 + Level 18.6 Axes
 + Level 21.2 Maces & Flails
 + Level 18.6 Polearms
 + Level 18.6 Staves
 + Level 18.6 Slings
 + Level 18.6 Bows
 + Level 18.6 Crossbows
 + Level 18.6 Throwing
 + Level 18.6 Armour
 + Level 20.8 Dodging
 + Level 19.0 Stealth
 + Level 18.6 Shields
 + Level 21.8 Unarmed Combat
 + Level 19.1 Spellcasting
 + Level 16.1 Conjurations
 + Level 16.1 Hexes
 + Level 16.1 Charms
 + Level 16.1 Summonings
 + Level 17.2 Necromancy
 + Level 16.1 Translocations
 + Level 16.1 Transmutations
 + Level 16.1 Fire Magic
 + Level 16.1 Ice Magic
 + Level 16.1 Air Magic
 + Level 16.1 Earth Magic
 + Level 16.1 Poison Magic
 + Level 20.0 Invocations
 + Level 18.6 Evocations


You had 3 spell levels left.
You knew the following spells:

 Your Spells              Type           Power        Failure   Level  Hunger
a - Aura of Abjuration    Summ           ########..   1%          5    None
b - Blink                 Tloc           N/A          0%          2    None
g - Passage of Golubria   Tloc           N/A          0%          4    None
l - Lesser Beckoning      Tloc           ########..   0%          3    None
p - Passwall              Tmut/Erth      ########..   0%          2    None
r - Regeneration          Chrm/Necr      ########..   0%          3    None
s - Statue Form           Tmut/Erth      ########.    1%          6    None
v - Borgnjor's Vile Clut  Necr/Erth      ########..   0%          5    None
A - Apportation           Tloc           ######       0%          1    None
E - Shatter               Erth           ########..   26%         9    #####..
G - Ignition              Fire           ########..   2%          8    ###....
L - Summon Lightning Spi  Summ/Air       ########     0%          4    None
N - Animate Dead          Necr           N/A          0%          4    None
R - Irradiate             Conj/Tmut      ########..   1%          5    None


Dungeon Overview and Level Annotations

Branches:
Dungeon (15/15)            Temple (1/1) D:4            Lair (6/6) D:11
  Swamp (4/4) Lair:4       Spider (4/4) Lair:3        Slime (5/5) Lair:5
    Orc (2/2) D:10            Elf (1/3) Orc:2        Vaults (5/5) D:14
  Crypt (3/3) Vaults:3       Tomb (3/3) Crypt:3      Depths (4/5) D:15
   Hell (1/1)                 Dis (7/7) Hell            Geh (7/7) Hell
    Coc (7/7) Hell
    Tar: Hell:1

Altars:
Ashenzari
Cheibriados
Dithmenos
Elyvilon
Fedhas
Gozag
Nemelex Xobeh
Qazlal
Ru
Sif Muna
Trog
Uskayaw
Vehumet
Wu Jian
Zin
Beogh
Jiyva

Shops:
D:6 (   Orc:2 [(:*   Vaults:2 =[   Vaults:3 ?   Vaults:5 *   Depths:1 =*}=
Depths:3 [

Portals:
Hell: Depths:1 Depths:2 Depths:3
Abyss: Depths:1

Annotations:
D:4 Squigly's ghost, amateur GnWn
Lair:6 1 exclusion
Swamp:3 Aizul
Vaults:1 6 exclusions
Coc:7 exclusion: ice statue


Innate Abilities, Weirdness & Mutations

Your experience applies equally to all skills.
You have very sharp teeth.
Your uncanny sense of smell can sniff out nearby items.
((You are partially covered in slimy green scales. (AC +2)))
You have supernaturally acute eyesight. (SInv)
Your flesh is cold resistant. (rC+)
Your magical capacity is low. (-10% MP)
You passively map a small area around you.
Your natural rate of healing is unusually fast.
You are resistant to electric shocks. (rElec)


Message History

* * * LOW HITPOINT WARNING * * *
You feel less contaminated with magical energies.
Unknown command.
You hit the flayed ghost.
The flayed ghost is severely damaged.
You float gracefully downwards.
You block the four-headed hydra skeleton's attack. x2
The four-headed hydra skeleton bites you but does no damage.
The four-headed hydra skeleton completely misses you.
The flayed ghost hits you but does no damage.
The fire giant gestures at you while chanting.
The bolt of fire misses you.
Unknown command.
You closely miss the flayed ghost.
The flayed ghost is severely damaged.
Your skin stops crawling.
The balrug gestures at you. Something smites you!
* * * LOW HITPOINT WARNING * * *
The flayed ghost hits you.
* * * LOW HITPOINT WARNING * * *
The fire giant gestures at you while chanting.
The bolt of fire hits you! You resist.
* * * LOW HITPOINT WARNING * * *
You block the four-headed hydra skeleton's attack.
The four-headed hydra skeleton completely misses you.
The four-headed hydra skeleton misses you.
You block the four-headed hydra skeleton's attack.
Unknown command.
Unknown command.
You pummel the flayed ghost like a punching bag!!!
You destroy the flayed ghost!
Cheibriados appreciates the change of pace.
Unknown command.
You squash the fire giant like an ant!!!!
You kill the fire giant!
Cheibriados thoroughly appreciates the change of pace.
The four-headed hydra skeleton completely misses you.
You block the four-headed hydra skeleton's attack. x2
The four-headed hydra skeleton completely misses you.
Unknown command.
Casting: Irradiate
Confirm with . or Enter, or press ? or * to list all spells.
Aiming: Lesser Beckoning
Press: ? - help, Shift-Dir - straight line The balrug hurls suddenly forward!
You block the balrug's attack. The balrug barely misses you.
The four-headed hydra skeleton bites you but does no damage.
The four-headed hydra skeleton completely misses you. x2
You block the four-headed hydra skeleton's attack.
Unknown command.
You pummel the balrug!!
The balrug is moderately wounded.
The balrug completely misses you.
You block the four-headed hydra skeleton's attack. x2
The four-headed hydra skeleton completely misses you. x2
Unknown command.
You hit the balrug. Your bite misses the balrug.
The balrug is moderately wounded.
You block the balrug's attack.
The four-headed hydra skeleton closely misses you.
You block the four-headed hydra skeleton's attack.
The four-headed hydra skeleton completely misses you. x2
Unknown command.
You closely miss the balrug. You bite the balrug.
The balrug is heavily wounded.
The balrug gestures at you. Something smites you!
* * * LOW HITPOINT WARNING * * *
The molten gargoyle blasts magma at you!
The bolt of magma hits you! You partially resist.
* * * LOW HITPOINT WARNING * * *
The balrug gestures at you. The bolt of fire misses you.
Unknown command.
Casting: Lesser Beckoning
Confirm with . or Enter, or press ? or * to list all spells.
Your skin crawls.
The smoke demon gestures at you. Something smites you!
* * * LOW HITPOINT WARNING * * *
You block the four-headed hydra skeleton's attack. x2
The four-headed hydra skeleton closely misses you. x2
The molten gargoyle blasts magma at you!
The bolt of magma misses you. The balrug completely misses you.
Unknown command.
You can feel time thicken for a moment.
You feel somewhat more hungry.
Cheibriados lowers the support of your attributes as your movement quickens.
The balrug gestures at you. The bolt of fire misses you.
The molten gargoyle blasts magma at you!
The bolt of magma hits you! You partially resist.
* * * LOW HITPOINT WARNING * * *
The four-headed hydra skeleton bites you.
* * * LOW HITPOINT WARNING * * *
You block the four-headed hydra skeleton's attack. x3
The balrug hits you with a demon whip!
* * * LOW HITPOINT WARNING * * *
You are engulfed in flames!
You resist.
You die...

≈≈*,,*,,,,,,,,,*,,,,,,,,,*,,*≈≈≈≈
≈≈*,,*,,,,,,,,..,,,,,,,,,*,,*≈≈≈≈
***+****,,,,,,..,,,,,,,****+***≈≈
*,,,,,,*,,,,,8#'*8,,,,,*,,,,,,*≈≈
*,,,,,,**######.#######*,,,,,,*≈≈
*,,**,,*,...#...3.#...,*,,**..#≈≈
*,,**,,+,...'.....'.,,,'..##..#≈≈
*,,,,,,*##**#..Z2.######......#≈≈
*,,,,,,*§≈≈≈##'#8##§≈≈§#......#§§
********§§≈§#9.).)#§≈§§########≈§
≈≈≈≈≈≈≈≈§≈≈≈#....)#§≈§§≈≈≈≈≈≈≈§§§
≈≈≈≈≈≈≈≈≈≈≈§#....))≈≈≈≈§≈≈≈≈≈≈≈§§
≈≈≈≈≈≈≈§§≈≈≈#.....#≈≈§≈≈≈≈§≈≈≈≈≈≈
≈≈≈≈≈≈≈≈≈≈≈§#.8.8.#≈≈≈≈≈≈≈§§≈≈≈§≈
≈≈≈≈≈≈≈≈≈≈≈§#.....#≈§≈≈≈≈§§§≈≈§§§
≈≈≈≈≈≈≈≈§§≈§#.8.8.#≈≈§§§§§§§§≈≈≈≈
≈≈≈≈≈≈≈≈≈§§≈#.)...#≈§≈≈≈≈§§≈§§§§≈


You could see a balrug, a smoke demon, a molten gargoyle and a four-headed hydra
skeleton.

Vanquished Creatures
  Antaeus (Coc:7)
  Asmodeus (Geh:7)
  the Royal Jelly (Slime:5)
  the Serpent of Hell (Geh:7)
  4 ancient liches
  Dispater (Dis:7)
  Khufu (Tomb:3)
  A juggernaut (Zig:16)
  12 greater mummies
  Sojobo (Vaults:5)
  5 shard shrikes
  Margery (Vaults:5)
  A caustic shrike (Zig:13)
  3 golden dragons
  Nikola (Swamp:1)
  Geryon (Hell)
  A bone dragon (Zig:15)
  2 tentacled monstrosities (Vaults:5)
  10 Brimstone Fiends
  6 Ice Fiends
  4 iron giants
  5 Hell Sentinels
  6 liches
  2 quicksilver dragons (Vaults:5)
  2 titans (Vaults:5)
  6 ancient champions
  Murray (Hell)
  2 deep elf master archers (Zig:11)
  22 acid blobs
  9 sphinxes
  5 tentacled starspawn
  2 shadow dragons
  2 thorn hunters (Swamp:3)
  2 storm dragons (Vaults:5)
  Donald (Swamp:1)
  5 tengu reavers (Vaults:5)
  17 azure jellies
  16 fire giants
  A revenant (Tomb:1)
  A draconian knight (Zig:15)
  2 deep elf sorcerers (Vaults:5)
  4 frost giants
  11 emperor scorpions
  A caustic shrike zombie (Zig:5)
  8 vault wardens
  8 cacodemons
  8 iron dragons
  9 balrugs
  A deep elf elementalist (Vaults:5)
  2 curse skulls
  14 ghost moths
  3 orc warlords
  A juggernaut zombie (Zig:14)
  23 reapers
  A caustic shrike skeleton (Zig:14)
  5 ghouls
  11 ironheart preservers
  5 elemental wellsprings (Coc:7)
  A juggernaut skeleton (Zig:14)
  9 very ugly things
  6 war gargoyles
  8 bennus
  23 stone giants
  6 entropy weavers
  A vampire knight (D:15)
  A deep elf annihilator (D:15)
  A deep elf demonologist (Vaults:3)
  A lorocyproca (Abyss:3)
  2 spark wasps
  3 deep elf death magi
  7 merfolk javelineers
  Snorg (D:13)
  9 ettins
  2 green deaths
  4 eidola
  3 crystal guardians (Zig:13)
  A deep elf high priest (Vaults:5)
  A jiangshi (Crypt:2)
  2 merfolk impalers
  7 death oozes
  4 quicksilver dragon zombies
  A great orb of eyes (shapeshifter) (Zig:6)
  11 blizzard demons
  A minotaur (Lab)
  A kraken zombie (Coc:7)
  8 great orbs of eyes
  10 yaktaur captains
  A rakshasa (Abyss:4)
  7 fire dragons
  19 mummy priests
  A hell beast (Dis:7)
  A spriggan air mage (Depths:3)
  26 vault guards
  4 ice dragons
  14 hydras
  A catoblepas (Abyss:4)
  Erica (D:9)
  20 two-headed ogres
  4 alligators
  2 death knights (Vaults:3)
  6 ogre magi
  6 centaur warriors
  7 dancing weapons
  5 merfolk aquamancers
  50 death scarabs
  3 satyrs (Zig:11)
  Urug (D:14)
  A spriggan berserker (Depths:2)
  8 hell hogs
  5 orc high priests
  2 tengu warriors (D:15)
  5 deep troll earth magi
  2 deep troll shamans
  A vampire mage (Crypt:2)
  4 death yaks (Lair:6)
  48 hell knights
  8 thrashing horrors
  2 naga sharpshooters (Zig:11)
  5 deep elf knights
  7 soul eaters
  2 iron golems (Zig:13)
  A storm dragon zombie (Dis:6)
  25 sun demons
  7 wretched stars
  2 fire crabs (Abyss:4)
  5 anaconda zombies
  16 spriggans
  A titan skeleton (Geh:7)
  4 golden dragon zombies
  28 skeletal warriors
  2 storm dragon skeletons
  A shadow wraith (Crypt:3)
  3 sixfirhies
  4 iron trolls
  A spark wasp zombie (Zig:10)
  4 unseen horrors
  2 spatial maelstroms (Zig:15)
  3 sea snakes
  3 shambling mangroves
  3 shadow demons
  12 deep trolls
  A spriggan druid (Swamp:2)
  The ghost of KarmaPolice the Slinger, a novice HaHu of Qazlal (D:8)
  2 ghost moth zombies
  15 flayed ghosts
  56 starcursed masses
  9 swamp dragons
  8 deep elf archers
  6 glowing orange brains
  An unseen horror (shapeshifter) (D:15)
  2 anaconda skeletons
  12 phantasmal warriors
  3 shadow dragon zombies
  3 wizards
  16 orc knights
  Pikel (D:9)
  A mana viper (Abyss:2)
  A sphinx zombie (Zig:8)
  13 necromancers
  2 wolf spider zombies
  11 orc sorcerers
  A tengu skeleton (Zig:8)
  5 oklob plants
  17 deep elf magi
  4 shining eyes
  10 wolf spiders
  2 stone giant zombies
  14 ironbrand convokers
  31 ugly things
  4 iron dragon zombies
  An orb spider (shapeshifter) (Zig:15)
  A cyclops (shapeshifter) (Zig:4)
  A salamander (shapeshifter) (Vaults:3)
  8 orb spiders
  4 frost giant zombies
  4 manticores
  2 sphinx skeletons
  4 fire giant zombies
  5 shadow dragon skeletons
  5 cyclopes
  A worldbinder (Abyss:2)
  11 large abominations
  10 moths of wrath
  9 elephants (Lair:6)
  5 merfolk sirens
  2 fauns (Zig:11)
  Joseph (Lair:1)
  A manticore (shapeshifter) (Vaults:5)
  8 rust devils
  4 black mambas
  2 fire giant skeletons
  4 frost giant skeletons
  A stone giant skeleton (Coc:7)
  3 molten gargoyles
  7 vault sentinels
  3 apocalypse crabs
  A centaur zombie (D:15)
  8 gargoyles
  3 ice statues
  Psyche (D:9)
  14 smoke demons
  3 guardian serpents
  6 water nymphs (Zig:12)
  A dire elephant zombie (Dis:6)
  14 hellions
  5 torpor snails
  3 eyes of devastation
  7 orange demons
  A storm dragon simulacrum (Abyss:4)
  2 emperor scorpion zombies
  8 spiny frogs
  26 tormentors
  A dire elephant skeleton (Coc:7)
  19 freezing wraiths
  20 ice devils
  10 demonic crawlers
  28 yaktaurs
  3 ancient zymes
  An alligator snapping turtle skeleton (Crypt:2)
  9 efreet
  16 red devils
  3 hydra zombies
  4 komodo dragons
  29 guardian mummies
  A queen bee (shapeshifter) (Vaults:1)
  10 trolls
  2 harpy zombies
  15 merfolk
  A human skeleton (Vaults:5)
  4 meliai
  A wind drake (shapeshifter) (D:15)
  19 jumping spiders
  A jumping spider (shapeshifter) (Vaults:3)
  A meliai (shapeshifter) (Vaults:3)
  21 hornets
  3 harpy skeletons
  21 blink frogs
  4 raiju
  2 tyrant leeches
  2 ice dragon zombies
  6 polar bears
  A fire giant simulacrum (Abyss:3)
  80 slime creatures
  2 ettin zombies
  3 elf zombies
  3 alligator zombies
  7 bog bodies
  6 dream sheep
  8 hippogriffs
  3 snapping turtles
  A frost giant simulacrum (Abyss:4)
  3 fire dragon zombies
  3 ettin skeletons
  6 hydra skeletons
  8 ynoxinuls
  55 flying skulls
  Sigmund (D:2)
  4 spriggans (shapeshifter)
  10 shadows
  49 redbacks
  19 tarantellas
  A tarantella (shapeshifter) (Vaults:5)
  22 wraiths
  4 ice dragon skeletons
  2 wyverns
  13 ushabtiu
  2 basilisks
  A basilisk (shapeshifter) (Vaults:4)
  9 fire elementals
  21 water elementals
  3 vampires
  16 yaks
  A fire dragon skeleton (Geh:1)
  A dire elephant simulacrum (Crypt:1)
  Grum (D:9)
  A yaktaur simulacrum (Vaults:5)
  3 golden eyes
  3 elf skeletons (Zig:14)
  9 hungry ghosts
  6 chaos spawn
  Edmund (D:5)
  4 wargs
  7 neqoxecs
  15 vampire mosquitoes
  A soldier ant (D:15)
  A spatial vortex (Zig:15)
  5 water moccasins
  7 insubstantial wisps
  13 swamp worms
  6 spiny frog zombies
  61 hell hounds
  2 porcupines
  6 floating eyes
  54 orc warriors
  A deep troll skeleton (Crypt:2)
  4 gnoll sergeants (Bailey)
  5 sky beasts
  3 slaves (D:9)
  2 spiny frog skeletons (Hell)
  2 swamp drakes
  A monstrous demonspawn skeleton (Crypt:2)
  An eye of draining (shapeshifter) (Vaults:1)
  14 eyes of draining
  2 snapping turtle zombies
  6 black bears
  2 phantoms
  8 ice beasts
  A necrophage (Crypt:1)
  23 ogres
  9 boggarts
  An ettin simulacrum (Vaults:3)
  26 wolves
  A tengu (shapeshifter) (Vaults:5)
  11 centaurs
  A crocodile (shapeshifter) (Vaults:5)
  9 crocodiles
  7 big kobolds
  2 swamp dragon skeletons
  12 bullfrogs
  5 earth elementals (Zig:13)
  A wyvern skeleton (D:7)
  7 scorpions
  3 killer bees (D:13)
  2 spriggan skeletons
  34 wights
  2 electric eels
  4 howler monkeys
  A bullfrog zombie (D:13)
  10 crimson imps
  6 iron imps
  9 hounds
  3 human zombies
  4 centaur skeletons
  5 gnoll shamans (Bailey)
  5 jellies
  2 quasits
  20 orc priests
  A wyvern simulacrum (D:14)
  23 orc wizards
  2 bullfrog skeletons
  Ijyb (D:5)
  3 iguanas
  6 hell rats (Hell)
  10 worker ants
  A lightning spire (Zig:13)
  7 small abominations
  An ogre zombie (Dis:5)
  A felid skeleton (Crypt:1)
  A hound zombie (D:7)
  30 mummies
  A worker ant zombie (D:10)
  16 gnolls
  4 howler monkey skeletons
  14 adders
  A naga simulacrum (Tomb:3)
  3 shadow imps
  11 white imps
  5 worms
  A dart slug (D:1)
  4 leopard geckos
  51 orcs
  2 ball pythons
  3 giant cockroaches
  6 goblins
  4 hobgoblins
  2 jackals (D:9)
  17 kobolds
  3 quokkas
  5 bats
  3 frilled lizards
  2 leopard gecko skeletons
  An orc simulacrum (Coc:7)
  A quokka zombie (Crypt:1)
  A rat (D:1)
  2 briar patches (Swamp:4)
  6 bushes
  3 crawling corpses (Vaults:5)
  2 fire vortices (Geh:7)
  9 fungi
  2 lurking horrors
  10 plants
  5 starspawn tentacles
  3 tentacles
2684 creatures vanquished.

Vanquished Creatures (collateral kills)
  A bone dragon (Coc:7)
  2 tentacled monstrosities
  An eldritch tentacle (Dis:7)
  2 ancient champions (Tomb:1)
  A sphinx (Tomb:1)
  A thorn hunter (Swamp:4)
  3 iron dragons (Dis:7)
  An emperor scorpion (Spider:4)
  A deep elf annihilator (Vaults:5)
  A green death (Swamp:4)
  A mummy priest (Tomb:1)
  A vault guard (Vaults:5)
  2 hydras
  A two-headed ogre (Vaults:5)
  An ogre mage (Vaults:5)
  10 death scarabs
  A death yak (Lair:6)
  A deep elf knight (Vaults:5)
  A hell knight (Dis:7)
  9 skeletal warriors
  A phantasmal warrior (Vaults:5)
  An orb spider (Spider:1)
  2 shining eyes
  6 elephants (Lair:6)
  2 ugly things
  6 wolf spiders
  An ice statue (Coc:7)
  2 vault sentinels (Vaults:5)
  A spiny frog (Lair:1)
  An emperor scorpion zombie (Dis:7)
  3 komodo dragons
  A yaktaur (Vaults:5)
  A freezing wraith (Coc:6)
  A tormentor (Dis:7)
  A demonic crawler (Spider:4)
  2 ice devils
  8 guardian mummies
  A hydra zombie (Coc:7)
  6 jumping spiders
  5 slime creatures
  3 hippogriffs (Lair:6)
  A harpy skeleton (Coc:6)
  6 flying skulls
  A shadow (Swamp:4)
  5 tarantellas
  2 large abominations (Swamp:4)
  7 redbacks
  A spriggan (Lair:6)
  A wraith (Dis:7)
  2 ushabtiu (Tomb:3)
  A vampire mosquito (Swamp:1)
  A warg (Orc:2)
  A swamp worm (Swamp:4)
  A spiny frog zombie (Coc:7)
  A water moccasin (Lair:6)
  2 orc warriors
  A porcupine (Lair:1)
  2 ice beasts
  A snapping turtle zombie (Dis:7)
  A phantom (D:6)
  2 ogres
  A wolf (Lair:6)
  2 crocodiles
  4 gnoll sergeants (Bailey)
  A bullfrog (Lair:1)
  A crimson imp (D:6)
  2 jellies (D:6)
  A gnoll shaman (Bailey)
  An iron imp (Dis:7)
  A worker ant (D:8)
  10 mummies
  3 gnolls (Bailey)
  A white imp (Coc:7)
  An adder zombie (D:6)
  An orc (Orc:2)
  A quokka (D:8)
  4 kobolds
  A briar patch (Swamp:4)
  4 fungi
  2 plants (Lair:6)
179 creatures vanquished.

Vanquished Creatures (others)
  A deep elf master archer (Zig:11)
  A shadow dragon (Vaults:5)
  A vault warden (Vaults:5)
  A fire giant (Geh:7)
  An elemental wellspring (Coc:6)
  2 bennus (Tomb:2)
  A deep elf annihilator (Vaults:5)
  An ettin (Vaults:5)
  2 yaktaur captains
  A centaur warrior (Vaults:2)
  A satyr (Abyss:3)
  An orc knight (Orc:2)
  A necromancer (Vaults:5)
  A deep elf mage (Vaults:5)
  A cyclops (D:15)
  A spiny frog (Swamp:1)
  A harpy zombie (Tomb:2)
  5 yaktaurs
  A bog body (Swamp:1)
  19 flying skulls
  A shadow (Zig:14)
  A wraith (Geh:7)
  2 golden eyes (Abyss:3)
  A hell hound (Dis:6)
  A sky beast (D:9)
  An ogre (D:6)
  A centaur (D:14)
  A bullfrog (D:6)
  A wight (Geh:4)
  A white imp (Coc:7)
  4 orcs (D:9)
  A crawling corpse (Vaults:5)
  21 fungi
  2 lurking horrors (Abyss:4)
  4 plants
  7 starspawn tentacles
  9 tentacles
103 creatures vanquished.

Grand Total: 2966 creatures vanquished

Notes
Turn   | Place    | Note
-------+----------+-------------------------------------------
     0 | D:1      | tidbits the Gnoll Necromancer began the quest for the Orb.
     0 | D:1      | Reached XP level 1. HP: 13/13 MP: 6/6
    43 | D:2      | Reached XP level 2. HP: 19/20 MP: 5/7
    46 | D:2      | Learned a level 1 spell: Animate Skeleton
   354 | D:2      | Reached skill level 5 in Spellcasting
   354 | D:2      | Reached XP level 3. HP: 25/25 MP: 7/9
   359 | D:2      | Learned a level 3 spell: Vampiric Draining
   363 | D:2      | Learned a level 3 spell: Regeneration
   368 | D:2      | Noticed Sigmund
   389 | D:2      | HP: 1/25 [Sigmund/scythe of slicing (3)]
   395 | D:2      | Killed Sigmund
   395 | D:2      | Reached skill level 1 in Fighting
   395 | D:2      | Reached skill level 1 in Short Blades
   395 | D:2      | Reached skill level 1 in Long Blades
   395 | D:2      | Reached skill level 1 in Axes
   395 | D:2      | Reached skill level 1 in Maces & Flails
   395 | D:2      | Reached skill level 1 in Polearms
   395 | D:2      | Reached skill level 1 in Staves
   395 | D:2      | Reached skill level 1 in Slings
   395 | D:2      | Reached skill level 1 in Bows
   395 | D:2      | Reached skill level 1 in Crossbows
   395 | D:2      | Reached skill level 1 in Throwing
   395 | D:2      | Reached skill level 1 in Armour
   395 | D:2      | Reached skill level 1 in Shields
   395 | D:2      | Reached skill level 1 in Unarmed Combat
   395 | D:2      | Reached skill level 1 in Conjurations
   395 | D:2      | Reached skill level 1 in Hexes
   395 | D:2      | Reached skill level 1 in Charms
   395 | D:2      | Reached skill level 1 in Summonings
   395 | D:2      | Reached skill level 1 in Translocations
   395 | D:2      | Reached skill level 1 in Transmutations
   395 | D:2      | Reached skill level 1 in Fire Magic
   395 | D:2      | Reached skill level 1 in Ice Magic
   395 | D:2      | Reached skill level 1 in Air Magic
   395 | D:2      | Reached skill level 1 in Earth Magic
   395 | D:2      | Reached skill level 1 in Poison Magic
   395 | D:2      | Reached skill level 1 in Invocations
   395 | D:2      | Reached skill level 1 in Evocations
   395 | D:2      | Reached XP level 4. HP: 21/32 MP: 3/11
   395 | D:2      | Reached XP level 5. HP: 24/37 MP: 3/12
   622 | D:3      | Reached skill level 2 in Invocations
   622 | D:3      | Reached XP level 6. HP: 42/44 MP: 9/13
   748 | D:3      | Found a deep blue altar of Sif Muna.
   843 | D:4      | Found a staircase to the Ecumenical Temple.
   850 | Temple   | Entered the Ecumenical Temple
   856 | Temple   | Became a worshipper of Cheibriados the Contemplative
   897 | D:4      | Reached skill level 2 in Fighting
   897 | D:4      | Reached skill level 2 in Short Blades
   897 | D:4      | Reached skill level 2 in Long Blades
   897 | D:4      | Reached skill level 2 in Axes
   897 | D:4      | Reached skill level 2 in Maces & Flails
   897 | D:4      | Reached skill level 2 in Polearms
   897 | D:4      | Reached skill level 2 in Staves
   897 | D:4      | Reached skill level 2 in Slings
   897 | D:4      | Reached skill level 2 in Bows
   897 | D:4      | Reached skill level 2 in Crossbows
   897 | D:4      | Reached skill level 2 in Throwing
   897 | D:4      | Reached skill level 2 in Armour
   897 | D:4      | Reached skill level 5 in Dodging
   897 | D:4      | Reached skill level 2 in Shields
   897 | D:4      | Reached skill level 2 in Unarmed Combat
   897 | D:4      | Reached skill level 2 in Evocations
   905 | D:5      | Entered Level 5 of the Dungeon
   915 | D:4      | Noticed Squigly's ghost (amateur GnWn)
  1095 | D:4      | Found a shattered altar of Ashenzari.
  1143 | D:3      | Found a sacrificial altar of Ru.
  1231 | D:4      | Reached XP level 7. HP: 42/50 MP: 11/15
  1297 | D:5      | Noticed Edmund
  1311 | D:5      | Killed Edmund
  1340 | D:5      | Reached skill level 2 in Conjurations
  1340 | D:5      | Reached skill level 2 in Hexes
  1340 | D:5      | Reached skill level 2 in Charms
  1340 | D:5      | Reached skill level 2 in Summonings
  1340 | D:5      | Reached skill level 2 in Translocations
  1340 | D:5      | Reached skill level 2 in Transmutations
  1340 | D:5      | Reached skill level 2 in Fire Magic
  1340 | D:5      | Reached skill level 2 in Ice Magic
  1340 | D:5      | Reached skill level 2 in Air Magic
  1340 | D:5      | Reached skill level 2 in Earth Magic
  1340 | D:5      | Reached skill level 2 in Poison Magic
  1362 | D:5      | Found a shadowy altar of Dithmenos.
  1506 | D:5      | Learned a level 5 spell: Borgnjor's Vile Clutch
  1592 | D:5      | Noticed Ijyb
  1607 | D:5      | Killed Ijyb
  1607 | D:5      | Reached skill level 5 in Stealth
  1614 | D:5      | Reached skill level 3 in Invocations
  1619 | D:5      | Reached * piety under Cheibriados
  1631 | D:5      | Reached XP level 8. HP: 40/57 MP: 7/16
  1725 | D:6      | Learned a level 3 spell: Ozocubu's Armour
  1736 | D:6      | Reached skill level 3 in Fighting
  1736 | D:6      | Reached skill level 3 in Short Blades
  1736 | D:6      | Reached skill level 3 in Long Blades
  1736 | D:6      | Reached skill level 3 in Axes
  1736 | D:6      | Reached skill level 3 in Maces & Flails
  1736 | D:6      | Reached skill level 3 in Polearms
  1736 | D:6      | Reached skill level 3 in Staves
  1736 | D:6      | Reached skill level 3 in Slings
  1736 | D:6      | Reached skill level 3 in Bows
  1736 | D:6      | Reached skill level 3 in Crossbows
  1736 | D:6      | Reached skill level 3 in Throwing
  1736 | D:6      | Reached skill level 3 in Armour
  1736 | D:6      | Reached skill level 3 in Shields
  1736 | D:6      | Reached skill level 3 in Unarmed Combat
  1736 | D:6      | Reached skill level 3 in Evocations
  1745 | D:6      | Gained mutation: Your magical capacity is low. (-10% MP) [potion of mutation]
  1745 | D:6      | Lost mutation: Your magical capacity is low. (-10% MP) [potion of mutation]
  1768 | D:6      | Reached skill level 6 in Spellcasting
  1783 | D:6      | Found a hide-covered altar of Uskayaw.
  1823 | D:6      | Found Vuar Hio's Antique Weapon Emporium.
  1966 | D:7      | Reached ** piety under Cheibriados
  1986 | D:6      | Found an ornate altar of the Wu Jian Council.
  1987 | D:6      | Found an opulent altar of Gozag.
  2046 | D:7      | Reached skill level 3 in Conjurations
  2046 | D:7      | Reached skill level 3 in Hexes
  2046 | D:7      | Reached skill level 3 in Charms
  2046 | D:7      | Reached skill level 3 in Summonings
  2046 | D:7      | Reached skill level 3 in Translocations
  2046 | D:7      | Reached skill level 3 in Transmutations
  2046 | D:7      | Reached skill level 3 in Fire Magic
  2046 | D:7      | Reached skill level 3 in Ice Magic
  2046 | D:7      | Reached skill level 3 in Air Magic
  2046 | D:7      | Reached skill level 3 in Earth Magic
  2046 | D:7      | Reached skill level 3 in Poison Magic
  2046 | D:7      | Reached skill level 4 in Invocations
  2067 | D:7      | Reached skill level 6 in Dodging
  2067 | D:7      | Reached XP level 9. HP: 57/65 MP: 18/18
  2129 | D:7      | Found a flagged portal.
  2147 | Bailey   | Entered a bailey
  2157 | Bailey   | Learned a level 4 spell: Animate Dead
  2198 | Bailey   | Reached skill level 4 in Fighting
  2198 | Bailey   | Reached skill level 4 in Short Blades
  2198 | Bailey   | Reached skill level 4 in Long Blades
  2198 | Bailey   | Reached skill level 4 in Axes
  2198 | Bailey   | Reached skill level 4 in Maces & Flails
  2198 | Bailey   | Reached skill level 4 in Polearms
  2198 | Bailey   | Reached skill level 4 in Staves
  2198 | Bailey   | Reached skill level 4 in Slings
  2198 | Bailey   | Reached skill level 4 in Bows
  2198 | Bailey   | Reached skill level 4 in Crossbows
  2198 | Bailey   | Reached skill level 4 in Throwing
  2198 | Bailey   | Reached skill level 4 in Armour
  2198 | Bailey   | Reached skill level 4 in Shields
  2198 | Bailey   | Reached skill level 4 in Unarmed Combat
  2198 | Bailey   | Reached skill level 4 in Evocations
  2237 | Bailey   | Reached *** piety under Cheibriados
  2247 | Bailey   | Reached skill level 6 in Stealth
  2247 | Bailey   | Reached skill level 8 in Necromancy
  2483 | D:7      | Gained mutation: You are partially covered in rugged brown scales. (AC +1, +3% HP) [potion of mutation]
  2483 | D:7      | Gained mutation: Potions are less effective at restoring your health. [potion of mutation]
  2483 | D:7      | Gained mutation: You have a somewhat thin skeletal structure. (Dex +2, Stealth) [potion of mutation]
  2483 | D:7      | Gained mutation: You are resistant to hostile enchantments. (MR+) [potion of mutation]
  2607 | D:8      | Reached **** piety under Cheibriados
  2643 | D:8      | Reached skill level 5 in Invocations
  2666 | D:8      | Reached XP level 10. HP: 43/75 MP: 7/20
  2668 | D:8      | Reached skill level 7 in Spellcasting
  2701 | D:8      | Reached skill level 4 in Conjurations
  2701 | D:8      | Reached skill level 4 in Hexes
  2701 | D:8      | Reached skill level 4 in Charms
  2701 | D:8      | Reached skill level 4 in Summonings
  2701 | D:8      | Reached skill level 4 in Translocations
  2701 | D:8      | Reached skill level 4 in Transmutations
  2701 | D:8      | Reached skill level 4 in Fire Magic
  2701 | D:8      | Reached skill level 4 in Ice Magic
  2701 | D:8      | Reached skill level 4 in Air Magic
  2701 | D:8      | Reached skill level 4 in Earth Magic
  2701 | D:8      | Reached skill level 4 in Poison Magic
  2710 | D:8      | Noticed a two-headed ogre
  2717 | D:8      | Killed a two-headed ogre
  2717 | D:8      | Reached skill level 5 in Fighting
  2717 | D:8      | Reached skill level 5 in Short Blades
  2717 | D:8      | Reached skill level 5 in Long Blades
  2717 | D:8      | Reached skill level 5 in Axes
  2717 | D:8      | Reached skill level 5 in Maces & Flails
  2717 | D:8      | Reached skill level 5 in Polearms
  2717 | D:8      | Reached skill level 5 in Staves
  2717 | D:8      | Reached skill level 5 in Slings
  2717 | D:8      | Reached skill level 5 in Bows
  2717 | D:8      | Reached skill level 5 in Crossbows
  2717 | D:8      | Reached skill level 5 in Throwing
  2717 | D:8      | Reached skill level 5 in Armour
  2717 | D:8      | Reached skill level 5 in Shields
  2717 | D:8      | Reached skill level 5 in Unarmed Combat
  2717 | D:8      | Reached skill level 5 in Evocations
  2760 | D:8      | Noticed KarmaPolice's ghost (novice HaHu)
  2770 | D:8      | Killed KarmaPolice's ghost
  2770 | D:8      | Reached skill level 7 in Dodging
  2888 | D:8      | Got a smoking long sword
  2889 | D:8      | Identified the +6 long sword of Discord {flame, +Fly} (You found it on level 8 of the Dungeon)
  3015 | D:7      | You fall through a shaft for 3 floors!
  3015 | D:10     | Entered Level 10 of the Dungeon
  3017 | D:10     | Reached ***** piety under Cheibriados
  3037 | D:10     | Noticed a two-headed ogre
  3047 | D:10     | Killed a two-headed ogre
  3047 | D:10     | Reached skill level 7 in Stealth
  3047 | D:10     | Reached skill level 6 in Invocations
  3049 | D:10     | Found a staircase to the Orcish Mines.
  3056 | D:10     | Got an encrusted broad axe {chop}
  3062 | D:10     | Identified the +6 broad axe of Expedience {chop, rC+ Int+3 Stlth+} (You took it off an orc on level 10 of the Dungeon)
  3122 | D:9      | Noticed Psyche
  3124 | D:9      | Noticed Grum
  3134 | D:9      | Reached XP level 11. HP: 81/83 MP: 3/22
  3134 | D:9      | Killed Grum
  3139 | D:9      | Killed Psyche
  3449 | D:9      | Noticed Pikel
  3452 | D:9      | Killed Pikel
  3452 | D:9      | Reached skill level 6 in Fighting
  3452 | D:9      | Reached skill level 6 in Short Blades
  3452 | D:9      | Reached skill level 6 in Long Blades
  3452 | D:9      | Reached skill level 6 in Axes
  3452 | D:9      | Reached skill level 6 in Maces & Flails
  3452 | D:9      | Reached skill level 6 in Polearms
  3452 | D:9      | Reached skill level 6 in Staves
  3452 | D:9      | Reached skill level 6 in Slings
  3452 | D:9      | Reached skill level 6 in Bows
  3452 | D:9      | Reached skill level 6 in Crossbows
  3452 | D:9      | Reached skill level 6 in Throwing
  3452 | D:9      | Reached skill level 6 in Armour
  3452 | D:9      | Reached skill level 6 in Shields
  3452 | D:9      | Reached skill level 6 in Unarmed Combat
  3452 | D:9      | Reached skill level 5 in Conjurations
  3452 | D:9      | Reached skill level 5 in Hexes
  3452 | D:9      | Reached skill level 5 in Charms
  3452 | D:9      | Reached skill level 5 in Summonings
  3452 | D:9      | Reached skill level 5 in Translocations
  3452 | D:9      | Reached skill level 5 in Transmutations
  3452 | D:9      | Reached skill level 5 in Fire Magic
  3452 | D:9      | Reached skill level 5 in Ice Magic
  3452 | D:9      | Reached skill level 5 in Air Magic
  3452 | D:9      | Reached skill level 5 in Earth Magic
  3452 | D:9      | Reached skill level 5 in Poison Magic
  3452 | D:9      | Reached skill level 6 in Evocations
  3634 | D:9      | Reached skill level 8 in Spellcasting
  3648 | D:9      | Noticed a two-headed ogre
  3656 | D:9      | Killed a two-headed ogre
  3671 | D:9      | Noticed Erica
  3675 | D:9      | Killed Erica
  3808 | D:11     | Reached skill level 9 in Necromancy
  3808 | D:11     | Reached skill level 7 in Invocations
  3821 | D:11     | Found a staircase to the Lair.
  3825 | D:11     | Reached skill level 8 in Dodging
  4027 | D:10     | Reached ****** piety under Cheibriados
  4109 | D:10     | Learned a level 3 spell: Mephitic Cloud
  4110 | Orc:1    | Entered Level 1 of the Orcish Mines
  4111 | Orc:1    | Noticed an orc knight
  4116 | Orc:1    | Killed an orc knight
  4118 | Orc:1    | Reached skill level 8 in Stealth
  4121 | Orc:1    | Reached XP level 12. HP: 69/91 MP: 13/24
  4296 | Orc:2    | Entered Level 2 of the Orcish Mines
  4296 | Orc:2    | Found Waecajepn's General Store.
  4345 | Orc:2    | Reached skill level 7 in Fighting
  4345 | Orc:2    | Reached skill level 7 in Short Blades
  4345 | Orc:2    | Reached skill level 7 in Long Blades
  4345 | Orc:2    | Reached skill level 7 in Axes
  4345 | Orc:2    | Reached skill level 7 in Maces & Flails
  4345 | Orc:2    | Reached skill level 7 in Polearms
  4345 | Orc:2    | Reached skill level 7 in Staves
  4345 | Orc:2    | Reached skill level 7 in Slings
  4345 | Orc:2    | Reached skill level 7 in Bows
  4345 | Orc:2    | Reached skill level 7 in Crossbows
  4345 | Orc:2    | Reached skill level 7 in Throwing
  4345 | Orc:2    | Reached skill level 7 in Armour
  4345 | Orc:2    | Reached skill level 7 in Shields
  4345 | Orc:2    | Reached skill level 7 in Unarmed Combat
  4345 | Orc:2    | Reached skill level 7 in Evocations
  4359 | Orc:2    | Noticed an ettin
  4389 | Orc:2    | Noticed an orc warlord
  4389 | Orc:2    | Found Qaqaruni's Book Shop.
  4439 | Orc:2    | Killed an ettin
  4439 | Orc:2    | Reached skill level 6 in Conjurations
  4439 | Orc:2    | Reached skill level 6 in Hexes
  4439 | Orc:2    | Reached skill level 6 in Charms
  4439 | Orc:2    | Reached skill level 6 in Summonings
  4439 | Orc:2    | Reached skill level 6 in Translocations
  4439 | Orc:2    | Reached skill level 6 in Transmutations
  4439 | Orc:2    | Reached skill level 6 in Fire Magic
  4439 | Orc:2    | Reached skill level 6 in Ice Magic
  4439 | Orc:2    | Reached skill level 6 in Air Magic
  4439 | Orc:2    | Reached skill level 6 in Earth Magic
  4439 | Orc:2    | Reached skill level 6 in Poison Magic
  4469 | Orc:2    | Killed an orc warlord
  4469 | Orc:2    | Reached skill level 9 in Spellcasting
  4469 | Orc:2    | Reached skill level 8 in Invocations
  4486 | Orc:2    | full selection of books
  4486 | Orc:2    | Bought a book of Transfigurations for 880 gold pieces
  4493 | Orc:2    | Learned a level 6 spell: Statue Form
  4511 | Orc:2    | Noticed an orc high priest
  4515 | Orc:2    | Noticed an orc high priest
  4516 | Orc:2    | Found Mefop's Antique Weapon Boutique.
  4517 | Orc:2    | Killed an orc high priest
  4520 | Orc:2    | Killed an orc high priest
  4559 | Orc:2    | Reached skill level 9 in Dodging
  4562 | Orc:2    | Found a staircase to the Elven Halls.
  4578 | Orc:2    | Found Oty Jich's Antique Armour Boutique.
  4672 | Elf:1    | Entered Level 1 of the Elven Halls
  4763 | Orc:2    | Found a bloodstained altar of Trog.
  4801 | Orc:2    | Bought a book of Cantrips for 320 gold pieces
  4803 | Orc:2    | Learned a level 1 spell: Apportation
  4821 | Orc:2    | Reached XP level 13. HP: 88/100 MP: 26/26
  4918 | Orc:1    | Found a roughly hewn altar of Beogh.
  4918 | Orc:1    | Reached skill level 9 in Stealth
  4946 | Orc:1    | Learned a level 5 spell: Irradiate
  5230 | D:11     | Got a warped trident
  5231 | D:11     | Identified the +7 trident of Gluttony {pierce, rPois rF+ rC+ Dex+4} (You found it on level 11 of the Dungeon)
  5284 | D:12     | Reached skill level 8 in Fighting
  5284 | D:12     | Reached skill level 8 in Short Blades
  5284 | D:12     | Reached skill level 8 in Long Blades
  5284 | D:12     | Reached skill level 8 in Axes
  5284 | D:12     | Reached skill level 8 in Maces & Flails
  5284 | D:12     | Reached skill level 8 in Polearms
  5284 | D:12     | Reached skill level 8 in Staves
  5284 | D:12     | Reached skill level 8 in Slings
  5284 | D:12     | Reached skill level 8 in Bows
  5284 | D:12     | Reached skill level 8 in Crossbows
  5284 | D:12     | Reached skill level 8 in Throwing
  5284 | D:12     | Reached skill level 8 in Armour
  5284 | D:12     | Reached skill level 8 in Shields
  5284 | D:12     | Reached skill level 8 in Unarmed Combat
  5284 | D:12     | Reached skill level 8 in Evocations
  5386 | D:14     | Noticed Urug
  5399 | D:14     | Killed Urug
  5677 | D:14     | Reached skill level 9 in Invocations
  5754 | D:14     | Reached skill level 10 in Necromancy
  5806 | D:14     | Learned a level 2 spell: Blink
  5814 | D:14     | Reached skill level 7 in Conjurations
  5814 | D:14     | Reached skill level 7 in Hexes
  5814 | D:14     | Reached skill level 7 in Charms
  5814 | D:14     | Reached skill level 7 in Summonings
  5814 | D:14     | Reached skill level 7 in Translocations
  5814 | D:14     | Reached skill level 7 in Transmutations
  5814 | D:14     | Reached skill level 7 in Fire Magic
  5814 | D:14     | Reached skill level 7 in Ice Magic
  5814 | D:14     | Reached skill level 7 in Air Magic
  5814 | D:14     | Reached skill level 7 in Earth Magic
  5814 | D:14     | Reached skill level 7 in Poison Magic
  5823 | D:15     | Entered Level 15 of the Dungeon
  5879 | D:13     | Noticed Snorg
  5888 | D:13     | Killed Snorg
  6089 | Lair:1   | Entered Level 1 of the Lair of Beasts
  6094 | Lair:1   | Noticed Joseph
  6107 | Lair:1   | Killed Joseph
  6171 | Lair:1   | Reached skill level 10 in Spellcasting
  6176 | Lair:1   | Reached XP level 14. HP: 107/109 MP: 24/28
  6469 | Lair:3   | Reached skill level 10 in Dodging
  6625 | Lair:3   | Reached skill level 9 in Fighting
  6625 | Lair:3   | Reached skill level 9 in Short Blades
  6625 | Lair:3   | Reached skill level 9 in Long Blades
  6625 | Lair:3   | Reached skill level 9 in Axes
  6625 | Lair:3   | Reached skill level 9 in Maces & Flails
  6625 | Lair:3   | Reached skill level 9 in Polearms
  6625 | Lair:3   | Reached skill level 9 in Staves
  6625 | Lair:3   | Reached skill level 9 in Slings
  6625 | Lair:3   | Reached skill level 9 in Bows
  6625 | Lair:3   | Reached skill level 9 in Crossbows
  6625 | Lair:3   | Reached skill level 9 in Throwing
  6625 | Lair:3   | Reached skill level 9 in Armour
  6625 | Lair:3   | Reached skill level 9 in Shields
  6625 | Lair:3   | Reached skill level 9 in Unarmed Combat
  6625 | Lair:3   | Reached skill level 9 in Evocations
  6634 | Lair:3   | Found a hole to the Spider Nest.
  6660 | Spider:1 | Entered Level 1 of the Spider Nest
  6692 | Spider:1 | Reached skill level 10 in Stealth
  6777 | Spider:2 | Reached skill level 10 in Invocations
  6899 | Spider:4 | Entered Level 4 of the Spider Nest
  6916 | Spider:4 | Noticed an emperor scorpion
  6925 | Spider:4 | Killed an emperor scorpion
  6964 | Spider:4 | Noticed an emperor scorpion
  6971 | Spider:4 | Killed an emperor scorpion
  6971 | Spider:4 | Reached skill level 8 in Conjurations
  6971 | Spider:4 | Reached skill level 8 in Hexes
  6971 | Spider:4 | Reached skill level 8 in Charms
  6971 | Spider:4 | Reached skill level 8 in Summonings
  6971 | Spider:4 | Reached skill level 8 in Translocations
  6971 | Spider:4 | Reached skill level 8 in Transmutations
  6971 | Spider:4 | Reached skill level 8 in Fire Magic
  6971 | Spider:4 | Reached skill level 8 in Ice Magic
  6971 | Spider:4 | Reached skill level 8 in Air Magic
  6971 | Spider:4 | Reached skill level 8 in Earth Magic
  6971 | Spider:4 | Reached skill level 8 in Poison Magic
  6974 | Spider:4 | Reached XP level 15. HP: 117/117 MP: 22/29
  6988 | Spider:4 | Noticed an emperor scorpion
  6995 | Spider:4 | Killed a ghost moth
  6997 | Spider:4 | Noticed an emperor scorpion
  6997 | Spider:4 | Noticed an emperor scorpion
  6998 | Spider:4 | Killed an emperor scorpion
  7001 | Spider:4 | Noticed an emperor scorpion
  7001 | Spider:4 | Killed a ghost moth
  7002 | Spider:4 | Killed a ghost moth
  7004 | Spider:4 | Killed an emperor scorpion
  7010 | Spider:4 | Killed an emperor scorpion
  7015 | Spider:4 | Killed an emperor scorpion
  7038 | Spider:4 | Got a gossamer rune of Zot
  7069 | Spider:4 | Learned a level 4 spell: Summon Lightning Spire
  7075 | Spider:4 | Killed a ghost moth
  7075 | Spider:4 | Reached skill level 11 in Spellcasting
  7201 | Spider:3 | Found a runed door.
  7223 | Spider:3 | Reached skill level 10 in Fighting
  7223 | Spider:3 | Reached skill level 10 in Short Blades
  7223 | Spider:3 | Reached skill level 10 in Long Blades
  7223 | Spider:3 | Reached skill level 10 in Axes
  7223 | Spider:3 | Reached skill level 10 in Maces & Flails
  7223 | Spider:3 | Reached skill level 10 in Polearms
  7223 | Spider:3 | Reached skill level 10 in Staves
  7223 | Spider:3 | Reached skill level 10 in Slings
  7223 | Spider:3 | Reached skill level 10 in Bows
  7223 | Spider:3 | Reached skill level 10 in Crossbows
  7223 | Spider:3 | Reached skill level 10 in Throwing
  7223 | Spider:3 | Reached skill level 10 in Armour
  7223 | Spider:3 | Reached skill level 10 in Shields
  7223 | Spider:3 | Reached skill level 10 in Unarmed Combat
  7223 | Spider:3 | Reached skill level 10 in Evocations
  7235 | Spider:3 | Reached skill level 11 in Dodging
  7481 | Lair:4   | Reached skill level 11 in Necromancy
  7506 | Lair:4   | Found a stormy altar of Qazlal.
  7528 | Lair:4   | Found a staircase to the Swamp.
  7548 | Swamp:1  | Entered Level 1 of the Swamp
  7557 | Swamp:1  | Noticed Donald
  7562 | Swamp:1  | Killed Donald
  7562 | Swamp:1  | Reached skill level 11 in Invocations
  7581 | Swamp:1  | Noticed Nikola
  7597 | Swamp:1  | Killed Nikola
  7597 | Swamp:1  | Reached skill level 11 in Stealth
  7689 | Swamp:2  | Reached XP level 16. HP: 125/125 MP: 16/31
  7765 | Swamp:3  | Noticed Aizul
  7841 | Swamp:4  | Entered Level 4 of the Swamp
  7894 | Swamp:4  | Got a warped ring mail
  7903 | Swamp:4  | Noticed a thorn hunter
  7908 | Swamp:4  | Killed a thorn hunter
  7940 | Swamp:3  | Noticed a thorn hunter
  7945 | Swamp:3  | Killed a thorn hunter
  8025 | Swamp:4  | Reached skill level 9 in Conjurations
  8025 | Swamp:4  | Reached skill level 9 in Hexes
  8025 | Swamp:4  | Reached skill level 9 in Charms
  8025 | Swamp:4  | Reached skill level 9 in Summonings
  8025 | Swamp:4  | Reached skill level 9 in Translocations
  8025 | Swamp:4  | Reached skill level 9 in Transmutations
  8025 | Swamp:4  | Reached skill level 9 in Fire Magic
  8025 | Swamp:4  | Reached skill level 9 in Ice Magic
  8025 | Swamp:4  | Reached skill level 9 in Air Magic
  8025 | Swamp:4  | Reached skill level 9 in Earth Magic
  8025 | Swamp:4  | Reached skill level 9 in Poison Magic
  8099 | Swamp:4  | Noticed a tentacled monstrosity
  8101 | Swamp:4  | Got a decaying rune of Zot
  8104 | Swamp:4  | Killed a tentacled monstrosity
  8204 | Swamp:3  | Noticed a thorn hunter
  8211 | Swamp:3  | Killed a thorn hunter
  8477 | Lair:6   | Entered Level 6 of the Lair of Beasts
  8537 | Lair:6   | Reached skill level 11 in Fighting
  8537 | Lair:6   | Reached skill level 11 in Short Blades
  8537 | Lair:6   | Reached skill level 11 in Long Blades
  8537 | Lair:6   | Reached skill level 11 in Axes
  8537 | Lair:6   | Reached skill level 11 in Maces & Flails
  8537 | Lair:6   | Reached skill level 11 in Polearms
  8537 | Lair:6   | Reached skill level 11 in Staves
  8537 | Lair:6   | Reached skill level 11 in Slings
  8537 | Lair:6   | Reached skill level 11 in Bows
  8537 | Lair:6   | Reached skill level 11 in Crossbows
  8537 | Lair:6   | Reached skill level 11 in Throwing
  8537 | Lair:6   | Reached skill level 11 in Armour
  8537 | Lair:6   | Reached skill level 11 in Shields
  8537 | Lair:6   | Reached skill level 11 in Unarmed Combat
  8537 | Lair:6   | Reached skill level 11 in Evocations
  8564 | Lair:6   | Reached skill level 12 in Spellcasting
  8576 | Lair:6   | Found a sparkling altar of Nemelex Xobeh.
  8626 | Lair:6   | Found a labyrinth entrance.
  8640 | Lab      | Entered a labyrinth
  8737 | Lab      | Reached XP level 17. HP: 134/134 MP: 33/33
  8868 | Lair:6   | Reached skill level 12 in Invocations
  8981 | Lair:6   | Reached skill level 12 in Dodging
  9141 | Lair:5   | Found a staircase to the Slime Pits.
  9157 | Slime:1  | Entered Level 1 of the Pits of Slime
  9157 | Slime:1  | Noticed an acid blob
  9164 | Slime:1  | Reached skill level 12 in Stealth
  9164 | Slime:1  | Killed an acid blob
  9305 | Slime:5  | Entered Level 5 of the Pits of Slime
  9307 | Slime:5  | Noticed an acid blob
  9311 | Slime:5  | Noticed an acid blob
  9312 | Slime:5  | Killed an acid blob
  9324 | Slime:5  | Killed an acid blob
  9374 | Slime:5  | Found a viscous altar of Jiyva.
  9375 | Slime:5  | Noticed the Royal Jelly
  9377 | Slime:5  | Noticed an acid blob
  9380 | Slime:5  | Noticed an acid blob
  9386 | Slime:5  | Noticed an acid blob
  9386 | Slime:5  | Killed an acid blob
  9389 | Slime:5  | Killed an acid blob
  9392 | Slime:5  | Reached skill level 12 in Necromancy
  9395 | Slime:5  | Noticed an acid blob
  9400 | Slime:5  | Killed an acid blob
  9402 | Slime:5  | Noticed an acid blob
  9402 | Slime:5  | Noticed an acid blob
  9404 | Slime:5  | Noticed an acid blob
  9404 | Slime:5  | Killed the Royal Jelly
  9404 | Slime:5  | Reached skill level 10 in Conjurations
  9404 | Slime:5  | Reached skill level 10 in Hexes
  9404 | Slime:5  | Reached skill level 10 in Charms
  9404 | Slime:5  | Reached skill level 10 in Summonings
  9404 | Slime:5  | Reached skill level 10 in Translocations
  9404 | Slime:5  | Reached skill level 10 in Transmutations
  9404 | Slime:5  | Reached skill level 10 in Fire Magic
  9404 | Slime:5  | Reached skill level 10 in Ice Magic
  9404 | Slime:5  | Reached skill level 10 in Air Magic
  9404 | Slime:5  | Reached skill level 10 in Earth Magic
  9404 | Slime:5  | Reached skill level 10 in Poison Magic
  9404 | Slime:5  | Reached XP level 18. HP: 65/143 MP: 26/34
  9420 | Slime:5  | Lost mutation: You are partially covered in rugged brown scales. (AC +1, +3% HP) [potion of mutation]
  9420 | Slime:5  | Lost mutation: Potions are less effective at restoring your health. [potion of mutation]
  9420 | Slime:5  | Lost mutation: You are resistant to hostile enchantments. (MR+) [potion of mutation]
  9420 | Slime:5  | Gained mutation: You have sharp fingernails. [potion of mutation]
  9420 | Slime:5  | Gained mutation: Your movements are slightly less encumbered by armour. (ER -2) [potion of mutation]
  9485 | Slime:5  | Identified the ring of Guall {Ice Int+3 Slay+3 SInv} (You found it on level 5 of the Pits of Slime)
  9488 | Slime:5  | Got an ancient morningstar
  9512 | Slime:5  | Identified the Handbook of the Frostbite
  9522 | Slime:5  | Identified the +5 morningstar of Makhleb's Favour {venom, -Tele rF+ rC+ MR+} (You found it on level 5 of the Pits of Slime)
  9524 | Slime:5  | Got a slimy rune of Zot
  9546 | Slime:5  | Got an ancient steel ring
  9548 | Slime:5  | Identified the ring of the Endless Seas {+Blink MP+9 Int+4 Dex-3} (You found it on level 5 of the Pits of Slime)
  9956 | D:14     | Found a gate to the Vaults.
  9979 | D:14     | Learned a level 8 spell: Ignition
  9986 | Vaults:1 | Entered Level 1 of the Vaults
 10019 | Vaults:1 | Reached skill level 12 in Fighting
 10019 | Vaults:1 | Reached skill level 12 in Short Blades
 10019 | Vaults:1 | Reached skill level 12 in Long Blades
 10019 | Vaults:1 | Reached skill level 12 in Axes
 10019 | Vaults:1 | Reached skill level 12 in Maces & Flails
 10019 | Vaults:1 | Reached skill level 12 in Polearms
 10019 | Vaults:1 | Reached skill level 12 in Staves
 10019 | Vaults:1 | Reached skill level 12 in Slings
 10019 | Vaults:1 | Reached skill level 12 in Bows
 10019 | Vaults:1 | Reached skill level 12 in Crossbows
 10019 | Vaults:1 | Reached skill level 12 in Throwing
 10019 | Vaults:1 | Reached skill level 12 in Armour
 10019 | Vaults:1 | Reached skill level 12 in Shields
 10019 | Vaults:1 | Reached skill level 12 in Unarmed Combat
 10019 | Vaults:1 | Reached skill level 12 in Evocations
 10060 | Vaults:1 | Reached skill level 13 in Invocations
 10171 | Vaults:1 | Cast into level 2 of the Abyss (a wizard)
 10181 | Abyss:2  | Reached skill level 13 in Spellcasting
 10437 | Abyss:3  | Reached skill level 13 in Dodging
 10493 | Abyss:3  | Reached XP level 19. HP: 147/147 MP: 17/36
 10521 | Abyss:3  | Reached skill level 13 in Stealth
 10531 | Abyss:3  | Found a corrupted altar of Lugonu.
 10585 | Abyss:4  | Gained mutation: Your body sometimes deteriorates upon taking damage. [a neqoxec]
 10604 | Abyss:4  | Gained mutation: Scrolls take you a little longer to read. [a neqoxec]
 10605 | Abyss:4  | Gained mutation: You are robust. (+10% HP) [a neqoxec]
 10610 | Abyss:4  | Gained mutation: You are dopey. (Int -2) [a neqoxec]
 10641 | Abyss:4  | Gained mutation: You do not regenerate when monsters are visible. [a neqoxec]
 10649 | Abyss:4  | Got an abyssal rune of Zot
 10671 | Abyss:4  | HP: 9/152 [large abomination[an orange crystal statue] (8)]
 10694 | Abyss:4  | Found a corrupted altar of Lugonu.
 10759 | Abyss:4  | Lost mutation: You are dopey. (Int -2) [potion of mutation]
 10759 | Abyss:4  | Lost mutation: Your body sometimes deteriorates upon taking damage. [potion of mutation]
 10759 | Abyss:4  | Lost mutation: Your movements are slightly less encumbered by armour. (ER -2) [potion of mutation]
 10759 | Abyss:4  | Gained mutation: You can translocate small distances at will. [potion of mutation]
 10760 | Abyss:4  | Lost mutation: You are robust. (+10% HP) [potion of mutation]
 10760 | Abyss:4  | Lost mutation: Scrolls take you longer to read. [potion of mutation]
 10760 | Abyss:4  | Gained mutation: You have a pair of small antennae on your head. [potion of mutation]
 10808 | Vaults:1 | Escaped the Abyss
 11272 | Vaults:4 | Lost mutation: You have a pair of small antennae on your head. [potion of mutation]
 11272 | Vaults:4 | Lost mutation: You can translocate small distances at will. [potion of mutation]
 11272 | Vaults:4 | Gained mutation: You are agile. (Dex +2) [potion of mutation]
 11273 | Vaults:4 | Lost mutation: You do not regenerate when monsters are visible. [potion of mutation]
 11273 | Vaults:4 | Lost mutation: You have sharp fingernails. [potion of mutation]
 11273 | Vaults:4 | Gained mutation: Armour fits poorly on your strangely shaped body. [potion of mutation]
 11273 | Vaults:4 | Gained mutation: You are resistant to electric shocks. (rElec) [potion of mutation]
 11383 | Vaults:5 | Entered Level 5 of the Vaults
 11387 | Vaults:5 | Reached skill level 11 in Conjurations
 11387 | Vaults:5 | Reached skill level 11 in Hexes
 11387 | Vaults:5 | Reached skill level 11 in Charms
 11387 | Vaults:5 | Reached skill level 11 in Summonings
 11387 | Vaults:5 | Reached skill level 11 in Translocations
 11387 | Vaults:5 | Reached skill level 11 in Transmutations
 11387 | Vaults:5 | Reached skill level 11 in Fire Magic
 11387 | Vaults:5 | Reached skill level 11 in Ice Magic
 11387 | Vaults:5 | Reached skill level 11 in Air Magic
 11387 | Vaults:5 | Reached skill level 11 in Earth Magic
 11387 | Vaults:5 | Reached skill level 11 in Poison Magic
 11415 | Vaults:5 | Noticed a golden dragon
 11419 | Vaults:5 | Noticed an ancient lich
 11422 | Vaults:5 | Paralysed by an ancient lich for 6 turns
 11427 | Vaults:5 | Noticed a golden dragon
 11428 | Vaults:5 | Killed a golden dragon
 11429 | Vaults:5 | Paralysed by an ancient lich for 3 turns
 11429 | Vaults:5 | Reached XP level 20. HP: 120/155 MP: 24/37
 11433 | Vaults:5 | Killed an ancient lich
 11433 | Vaults:5 | Reached skill level 13 in Fighting
 11433 | Vaults:5 | Reached skill level 13 in Short Blades
 11433 | Vaults:5 | Reached skill level 13 in Long Blades
 11433 | Vaults:5 | Reached skill level 13 in Axes
 11433 | Vaults:5 | Reached skill level 13 in Maces & Flails
 11433 | Vaults:5 | Reached skill level 13 in Polearms
 11433 | Vaults:5 | Reached skill level 13 in Staves
 11433 | Vaults:5 | Reached skill level 13 in Slings
 11433 | Vaults:5 | Reached skill level 13 in Bows
 11433 | Vaults:5 | Reached skill level 13 in Crossbows
 11433 | Vaults:5 | Reached skill level 13 in Throwing
 11433 | Vaults:5 | Reached skill level 13 in Armour
 11433 | Vaults:5 | Reached skill level 13 in Shields
 11433 | Vaults:5 | Reached skill level 13 in Unarmed Combat
 11433 | Vaults:5 | Reached skill level 14 in Invocations
 11433 | Vaults:5 | Reached skill level 13 in Evocations
 11433 | Vaults:5 | Killed a golden dragon
 11439 | Vaults:5 | Reached skill level 13 in Necromancy
 11473 | Vaults:5 | Got a silver rune of Zot
 11621 | Vaults:5 | Noticed Sojobo
 11630 | Vaults:5 | Reached skill level 14 in Spellcasting
 11633 | Vaults:5 | Noticed an ancient lich
 11641 | Vaults:5 | Killed an ancient lich
 11641 | Vaults:5 | Reached skill level 14 in Dodging
 11642 | Vaults:5 | Killed Sojobo
 11642 | Vaults:5 | Reached skill level 14 in Stealth
 11645 | Vaults:5 | HP: 12/157 [fire giant/bolt of fire (24)]
 11645 | Vaults:5 | HP: 4/157 [tentacled monstrosity (8)]
 11646 | Vaults:5 | HP: 1/157 [tentacled monstrosity (4)]
 11647 | Vaults:5 | Reached XP level 21. HP: 1/163 MP: 17/39
 11667 | Vaults:5 | Noticed Margery
 11711 | Vaults:5 | Killed Margery
 11730 | Vaults:5 | HP: 21/213 [storm dragon simulacrum[a necromancer] (12)]
 11737 | Vaults:5 | HP: 20/213 [ghostly ogre mage/bolt of cold (8)]
 11760 | Vaults:5 | Identified the Compendium of Evil Transformation
 11812 | Vaults:5 | Got a faintly glowing platinum ring
 11882 | Vaults:5 | Found Juasez's General Store.
 11888 | Vaults:5 | Bought a scroll of identify for 38 gold pieces
 11888 | Vaults:5 | Bought a scroll of magic mapping for 66 gold pieces
 11888 | Vaults:5 | Bought a scroll of identify for 38 gold pieces
 12221 | Vaults:4 | Reached skill level 15 in Invocations
 12222 | Vaults:4 | Reached skill level 12 in Conjurations
 12222 | Vaults:4 | Reached skill level 12 in Hexes
 12222 | Vaults:4 | Reached skill level 12 in Charms
 12222 | Vaults:4 | Reached skill level 12 in Summonings
 12222 | Vaults:4 | Reached skill level 12 in Translocations
 12222 | Vaults:4 | Reached skill level 12 in Transmutations
 12222 | Vaults:4 | Reached skill level 12 in Fire Magic
 12222 | Vaults:4 | Reached skill level 12 in Ice Magic
 12222 | Vaults:4 | Reached skill level 12 in Air Magic
 12222 | Vaults:4 | Reached skill level 12 in Earth Magic
 12222 | Vaults:4 | Reached skill level 12 in Poison Magic
 12263 | Vaults:4 | Identified the ring of Impatience {*Corrode rF+ rC+ Int+3} (You took it off an ironbrand convoker on level 5 of the Vaults)
 12270 | Vaults:3 | Found Naimy's Magic Scroll Emporium.
 12276 | Vaults:3 | Bought a scroll of blinking for 82 gold pieces
 12276 | Vaults:3 | Bought a scroll of identify for 22 gold pieces
 12276 | Vaults:3 | Bought a scroll of identify for 22 gold pieces
 12276 | Vaults:3 | Bought a scroll of summoning for 104 gold pieces
 12276 | Vaults:3 | Bought a scroll of magic mapping for 38 gold pieces
 12276 | Vaults:3 | Bought a scroll of summoning for 104 gold pieces
 12276 | Vaults:3 | Bought a scroll of fear for 38 gold pieces
 12276 | Vaults:3 | Bought a scroll of teleportation for 33 gold pieces
 12276 | Vaults:3 | Bought a scroll of enchant armour for 82 gold pieces
 12276 | Vaults:3 | Bought a scroll of vulnerability for 82 gold pieces
 12288 | Vaults:3 | Reached skill level 14 in Fighting
 12288 | Vaults:3 | Reached skill level 14 in Short Blades
 12288 | Vaults:3 | Reached skill level 14 in Long Blades
 12288 | Vaults:3 | Reached skill level 14 in Axes
 12288 | Vaults:3 | Reached skill level 14 in Maces & Flails
 12288 | Vaults:3 | Reached skill level 14 in Polearms
 12288 | Vaults:3 | Reached skill level 14 in Staves
 12288 | Vaults:3 | Reached skill level 14 in Slings
 12288 | Vaults:3 | Reached skill level 14 in Bows
 12288 | Vaults:3 | Reached skill level 14 in Crossbows
 12288 | Vaults:3 | Reached skill level 14 in Throwing
 12288 | Vaults:3 | Reached skill level 14 in Armour
 12288 | Vaults:3 | Reached skill level 14 in Shields
 12288 | Vaults:3 | Reached skill level 14 in Unarmed Combat
 12288 | Vaults:3 | Reached skill level 14 in Evocations
 12339 | Vaults:3 | Found a staircase to the Crypt.
 12365 | Crypt:1  | Entered Level 1 of the Crypt
 12578 | Crypt:3  | Entered Level 3 of the Crypt
 12614 | Crypt:2  | Reached XP level 22. HP: 172/172 MP: 40/40
 12869 | Crypt:3  | Paralysed by a sphinx for 5 turns
 12951 | Crypt:3  | Identified the Grimoire of the Shifting Volcanoes
 13178 | Crypt:3  | Found a staircase to the Tomb.
 13180 | Crypt:3  | Noticed an ancient lich
 13187 | Crypt:3  | Killed an ancient lich
 13187 | Crypt:3  | Reached skill level 15 in Spellcasting
 13244 | Tomb:1   | Entered Level 1 of the Tomb of the Ancients
 13361 | Tomb:1   | Reached skill level 15 in Dodging
 13363 | Tomb:1   | Paralysed by a sphinx for 3 turns
 13366 | Tomb:1   | Reached skill level 14 in Necromancy
 13403 | Tomb:1   | Reached skill level 15 in Stealth
 13532 | Tomb:1   | Noticed a greater mummy
 13538 | Tomb:1   | Noticed a greater mummy
 13542 | Tomb:1   | Noticed a greater mummy
 13550 | Tomb:1   | Killed a greater mummy
 13555 | Tomb:1   | Killed a greater mummy
 13555 | Tomb:1   | Reached skill level 15 in Unarmed Combat
 13557 | Tomb:1   | Noticed a greater mummy
 13568 | Tomb:1   | Killed a greater mummy
 13570 | Tomb:1   | Killed a greater mummy
 13570 | Tomb:1   | Reached XP level 23. HP: 119/179 MP: 42/42
 13571 | Tomb:1   | Noticed a greater mummy
 13575 | Tomb:1   | Killed a greater mummy
 13584 | Tomb:1   | Learned a level 2 spell: Sublimation of Blood
 13616 | Tomb:2   | the better stairs
 13748 | Tomb:3   | Entered Level 3 of the Tomb of the Ancients
 13754 | Tomb:3   | Reached skill level 16 in Invocations
 13759 | Tomb:3   | Noticed a greater mummy
 13760 | Tomb:3   | Noticed a greater mummy
 13760 | Tomb:3   | Noticed a greater mummy
 13761 | Tomb:3   | Noticed a greater mummy
 13762 | Tomb:3   | Noticed a greater mummy
 13812 | Tomb:3   | Noticed Khufu
 13815 | Tomb:3   | Noticed a greater mummy
 13815 | Tomb:3   | Noticed an ancient lich
 13816 | Tomb:3   | Killed a greater mummy
 13816 | Tomb:3   | Reached skill level 15 in Fighting
 13816 | Tomb:3   | Reached skill level 15 in Short Blades
 13816 | Tomb:3   | Reached skill level 15 in Long Blades
 13816 | Tomb:3   | Reached skill level 15 in Axes
 13816 | Tomb:3   | Reached skill level 15 in Maces & Flails
 13816 | Tomb:3   | Reached skill level 15 in Polearms
 13816 | Tomb:3   | Reached skill level 15 in Staves
 13816 | Tomb:3   | Reached skill level 15 in Slings
 13816 | Tomb:3   | Reached skill level 15 in Bows
 13816 | Tomb:3   | Reached skill level 15 in Crossbows
 13816 | Tomb:3   | Reached skill level 15 in Throwing
 13816 | Tomb:3   | Reached skill level 15 in Armour
 13816 | Tomb:3   | Reached skill level 15 in Shields
 13816 | Tomb:3   | Reached skill level 15 in Evocations
 13816 | Tomb:3   | Killed a greater mummy
 13816 | Tomb:3   | Killed a greater mummy
 13816 | Tomb:3   | Reached skill level 13 in Conjurations
 13816 | Tomb:3   | Reached skill level 13 in Hexes
 13816 | Tomb:3   | Reached skill level 13 in Charms
 13816 | Tomb:3   | Reached skill level 13 in Summonings
 13816 | Tomb:3   | Reached skill level 13 in Translocations
 13816 | Tomb:3   | Reached skill level 13 in Transmutations
 13816 | Tomb:3   | Reached skill level 13 in Fire Magic
 13816 | Tomb:3   | Reached skill level 13 in Ice Magic
 13816 | Tomb:3   | Reached skill level 13 in Air Magic
 13816 | Tomb:3   | Reached skill level 13 in Earth Magic
 13816 | Tomb:3   | Reached skill level 13 in Poison Magic
 13816 | Tomb:3   | Killed Khufu
 13835 | Tomb:3   | Reached skill level 16 in Unarmed Combat
 13842 | Tomb:3   | Killed a greater mummy
 13868 | Tomb:3   | Killed a greater mummy
 13871 | Tomb:3   | Noticed a greater mummy
 13878 | Tomb:3   | Killed a greater mummy
 13882 | Tomb:3   | Killed a greater mummy
 13882 | Tomb:3   | Reached XP level 24. HP: 54/189 MP: 42/42
 13960 | Tomb:3   | Got a golden rune of Zot
 14013 | Tomb:3   | Killed an ancient lich
 14038 | Tomb:3   | Identified Goar's Handbook of Bewitching Intoxication
 14046 | Tomb:3   | Identified the amulet of the Shining Light {Gourm Str+4} (You found it on level 3 of the Tomb of the Ancients)
 14047 | Tomb:3   | Identified the ring "Kaohe" {-Tele rPois MP+9 Int+4 Slay+3} (You found it on level 3 of the Tomb of the Ancients)
 14053 | Tomb:3   | Learned a level 3 spell: Spectral Weapon
 14294 | Vaults:3 | Reached skill level 16 in Spellcasting
 14397 | Vaults:2 | Found Sedghe's Jewellery Emporium.
 14403 | Vaults:2 | Found Juodichu's Antique Armour Emporium.
 14490 | D:14     | Learned a level 8 spell: Chain Lightning
 14634 | D:15     | Reached skill level 16 in Dodging
 14642 | D:15     | Found a sparkling altar of Nemelex Xobeh.
 14642 | D:15     | Found a shattered altar of Ashenzari.
 14643 | D:15     | Found a white marble altar of Elyvilon.
 14854 | D:15     | Reached skill level 16 in Stealth
 14965 | D:15     | Identified the cursed +1 war axe of Wisdom {chop, *Drain rPois rF+} (You found it on level 15 of the Dungeon)
 15048 | D:15     | Learned a level 9 spell: Shatter
 15137 | D:15     | Found a staircase to the Depths.
 15147 | Depths:1 | Entered Level 1 of the Depths
 15156 | Depths:1 | Reached skill level 16 in Maces & Flails
 15173 | Depths:1 | Reached skill level 17 in Unarmed Combat
 15190 | Depths:1 | Found Judy's General Store.
 15191 | Depths:1 | Found a gateway to Hell.
 15192 | Depths:1 | Found the cursed +13 scythe of Curses {drain, *Curse}
 15213 | Depths:1 | Bought a scroll of amnesia for 70 gold pieces
 15213 | Depths:1 | Bought a potion of invisibility for 160 gold pieces
 15213 | Depths:1 | Bought a potion of agility for 80 gold pieces
 15217 | Depths:1 | Found Wulutedo's Jewellery Boutique.
 15220 | Depths:1 | Found Nusesh's Gadget Shoppe.
 15221 | Depths:1 | Found Geutwo's Jewellery Boutique.
 15235 | Depths:1 | Bought the amulet of Huurch {rPois Regen+ Dex-5 Slay+5 SInv} for 1285 gold pieces
 15235 | Depths:1 | Bought the ring of Sin {+Inv +Fly rC+ rN++ Stlth-} for 1154 gold pieces
 15302 | Depths:1 | Found a one-way gate to the infinite horrors of the Abyss.
 15396 | Depths:2 | Reached skill level 17 in Invocations
 15493 | Depths:2 | Reached skill level 15 in Necromancy
 15515 | Depths:2 | Reached XP level 25. HP: 197/197 MP: 43/43
 15680 | Depths:3 | Found a gateway to a ziggurat.
 15681 | Depths:3 | Paralysed by a great orb of eyes for 6 turns
 15691 | Depths:3 | Paralysed by a floating eye for 2 turns
 15693 | Depths:3 | Paralysed by a floating eye for 3 turns
 15695 | Depths:3 | Paralysed by a floating eye for 3 turns
 15697 | Depths:3 | Paralysed by a floating eye for 3 turns
 15700 | Depths:3 | Paralysed by a floating eye for 3 turns
 15722 | Zig:1    | Entered Level 1 of a ziggurat
 15742 | Zig:2    | Entered Level 2 of a ziggurat
 15761 | Zig:3    | Entered Level 3 of a ziggurat
 15781 | Zig:4    | Entered Level 4 of a ziggurat
 15798 | Zig:5    | Entered Level 5 of a ziggurat
 15808 | Zig:5    | Reached skill level 16 in Fighting
 15808 | Zig:5    | Reached skill level 16 in Short Blades
 15808 | Zig:5    | Reached skill level 16 in Long Blades
 15808 | Zig:5    | Reached skill level 16 in Axes
 15808 | Zig:5    | Reached skill level 16 in Polearms
 15808 | Zig:5    | Reached skill level 16 in Staves
 15808 | Zig:5    | Reached skill level 16 in Slings
 15808 | Zig:5    | Reached skill level 16 in Bows
 15808 | Zig:5    | Reached skill level 16 in Crossbows
 15808 | Zig:5    | Reached skill level 16 in Throwing
 15808 | Zig:5    | Reached skill level 16 in Armour
 15808 | Zig:5    | Reached skill level 16 in Shields
 15808 | Zig:5    | Reached skill level 16 in Evocations
 15824 | Zig:5    | Identified the +2 pair of gloves of Unambiguity {rElec Slay+2} (You found it on level 5 of a ziggurat)
 15841 | Zig:6    | Entered Level 6 of a ziggurat
 15869 | Zig:6    | Identified the amulet of Ylua {+Rage rF+++ rC- rN++ MP-9} (You found it on level 6 of a ziggurat)
 15873 | Zig:7    | Entered Level 7 of a ziggurat
 15885 | Zig:7    | Learned a level 4 spell: Passage of Golubria
 15903 | Zig:8    | Entered Level 8 of a ziggurat
 15906 | Zig:8    | Found the +7 lajatang of Order {silver, rMut}
 15922 | Zig:8    | Identified the ring "Astrebet" {Ice rN+ MP+9} (You found it on level 8 of a ziggurat)
 15933 | Zig:8    | Learned a level 3 spell: Lesser Beckoning
 15937 | Zig:9    | Entered Level 9 of a ziggurat
 15974 | Zig:10   | Entered Level 10 of a ziggurat
 16018 | Zig:11   | Entered Level 11 of a ziggurat
 16025 | Zig:11   | Reached skill level 17 in Maces & Flails
 16025 | Zig:11   | Reached skill level 14 in Conjurations
 16025 | Zig:11   | Reached skill level 14 in Hexes
 16025 | Zig:11   | Reached skill level 14 in Charms
 16025 | Zig:11   | Reached skill level 14 in Summonings
 16025 | Zig:11   | Reached skill level 14 in Translocations
 16025 | Zig:11   | Reached skill level 14 in Transmutations
 16025 | Zig:11   | Reached skill level 14 in Fire Magic
 16025 | Zig:11   | Reached skill level 14 in Ice Magic
 16025 | Zig:11   | Reached skill level 14 in Air Magic
 16025 | Zig:11   | Reached skill level 14 in Earth Magic
 16025 | Zig:11   | Reached skill level 14 in Poison Magic
 16030 | Zig:11   | Identified the Almanac of Dislocated Hexes
 16044 | Zig:11   | Learned a level 2 spell: Passwall
 16059 | Zig:12   | Entered Level 12 of a ziggurat
 16063 | Zig:12   | Reached skill level 18 in Unarmed Combat
 16074 | Zig:12   | Identified a scroll of acquirement
 16079 | Zig:12   | Identified the ring of Matrote {+Blink rN++ MR+ Str+3 SInv} (You found it on level 12 of a ziggurat)
 16082 | Zig:12   | Identified the amulet "Efupliok" {Gourm *Corrode MR+ Int+8} (You found it on level 12 of a ziggurat)
 16099 | Zig:13   | Entered Level 13 of a ziggurat
 16107 | Zig:13   | Found the +8 demon blade "Bloodbane" {slice, *Rage +Rage Stlth-}
 16114 | Zig:13   | Reached XP level 26. HP: 206/206 MP: 30/43
 16132 | Zig:13   | Got a bound glass ring
 16134 | Zig:13   | Identified the ring of Majiba {rF+ MR+ MP+9 SInv} (You found it on level 13 of a ziggurat)
 16139 | Zig:13   | Identified the Compendium of Contamination and the Rocks
 16141 | Zig:13   | Identified Puor's Grimoire of Supportive Darkness
 16148 | Zig:14   | Entered Level 14 of a ziggurat
 16166 | Zig:14   | Reached skill level 17 in Spellcasting
 16212 | Zig:14   | Got an ancient golden ring
 16214 | Zig:14   | Identified the ring of Life {+Inv rElec MR+ Int-3 Dex+7} (You found it on level 14 of a ziggurat)
 16238 | Zig:15   | Entered Level 15 of a ziggurat
 16245 | Zig:15   | Reached skill level 17 in Dodging
 16276 | Zig:15   | Identified the ring "Tuasuik" {Fire rN+} (You found it on level 15 of a ziggurat)
 16291 | Zig:15   | Reached skill level 17 in Stealth
 16291 | Zig:15   | Reached XP level 27. HP: 213/213 MP: 37/44
 16306 | Zig:16   | Entered Level 16 of a ziggurat
 16310 | Zig:16   | Noticed a juggernaut
 16311 | Zig:16   | Reached skill level 18 in Invocations
 16314 | Zig:16   | Killed a juggernaut
 16314 | Zig:16   | Reached skill level 18 in Maces & Flails
 16332 | Zig:16   | Identified the +5 broad axe of Moral Flaws {chop, Dex+3} (You found it on level 16 of a ziggurat)
 16337 | Zig:16   | Identified the +4 morningstar of Ejeh {crush, rF+ MR+ MP+9} (You found it on level 16 of a ziggurat)
 16340 | Zig:17   | Entered Level 17 of a ziggurat
 16354 | Zig:17   | Reached skill level 19 in Unarmed Combat
 16360 | Zig:17   | Found the +8 trident of the Octopus King {venom, rElec rPois MR+}
 16387 | Zig:17   | Upgraded the game from 0.22-a0 to 0.22-a0-3-g4fa69d9
 16402 | Zig:18   | Entered Level 18 of a ziggurat
 16414 | Zig:18   | Reached skill level 17 in Fighting
 16414 | Zig:18   | Reached skill level 17 in Short Blades
 16414 | Zig:18   | Reached skill level 17 in Long Blades
 16414 | Zig:18   | Reached skill level 17 in Axes
 16414 | Zig:18   | Reached skill level 17 in Polearms
 16414 | Zig:18   | Reached skill level 17 in Staves
 16414 | Zig:18   | Reached skill level 17 in Slings
 16414 | Zig:18   | Reached skill level 17 in Bows
 16414 | Zig:18   | Reached skill level 17 in Crossbows
 16414 | Zig:18   | Reached skill level 17 in Throwing
 16414 | Zig:18   | Reached skill level 17 in Armour
 16414 | Zig:18   | Reached skill level 17 in Shields
 16414 | Zig:18   | Reached skill level 17 in Evocations
 16414 | Zig:18   | Gained mutation: You are occasionally teleported next to monsters. [mutagenic glow]
 16417 | Zig:18   | Reached skill level 18 in Dodging
 16420 | Zig:18   | Reached skill level 16 in Necromancy
 16429 | Zig:18   | Identified Awna's Tome of Earthen Heat
 16431 | Zig:18   | Lost mutation: You are agile. (Dex +2) [mutagenic glow]
 16458 | Depths:3 | Learned a level 5 spell: Aura of Abjuration
 16473 | Depths:3 | Found an opulent altar of Gozag.
 16475 | Depths:3 | Found Gozag's Antique Armour Shoppe.
 16497 | Depths:3 | Cast into level 4 of the Abyss (a lich)
 16580 | Abyss:4  | Paralysed by a floating eye for 4 turns
 16627 | Depths:3 | Escaped the Abyss
 16644 | Hell     | Entered the Vestibule of Hell
 16644 | Hell     | Noticed Geryon
 16658 | Hell     | Killed Geryon
 16661 | Hell     | Noticed Murray
 16672 | Hell     | Killed Murray
 16680 | Hell     | Reached skill level 19 in Maces & Flails
 16733 | Hell     | Found a gateway to the Iron City of Dis.
 16742 | Hell     | Lost mutation: You have a somewhat thin skeletal structure. (Dex +2, Stealth) [potion of mutation]
 16742 | Hell     | Lost mutation: You are occasionally teleported next to monsters. [potion of mutation]
 16742 | Hell     | Lost mutation: Armour fits poorly on your strangely shaped body. [potion of mutation]
 16742 | Hell     | Gained mutation: You have supernaturally acute eyesight. (SInv) [potion of mutation]
 16742 | Hell     | Gained mutation: Your natural rate of healing is unusually fast. [potion of mutation]
 16752 | Hell     | Found a gateway to the freezing wastes of Cocytus.
 16768 | Coc:1    | Entered Level 1 of Cocytus
 16857 | Coc:2    | Reached skill level 15 in Conjurations
 16857 | Coc:2    | Reached skill level 15 in Hexes
 16857 | Coc:2    | Reached skill level 15 in Charms
 16857 | Coc:2    | Reached skill level 15 in Summonings
 16857 | Coc:2    | Reached skill level 15 in Translocations
 16857 | Coc:2    | Reached skill level 15 in Transmutations
 16857 | Coc:2    | Reached skill level 15 in Fire Magic
 16857 | Coc:2    | Reached skill level 15 in Ice Magic
 16857 | Coc:2    | Reached skill level 15 in Air Magic
 16857 | Coc:2    | Reached skill level 15 in Earth Magic
 16857 | Coc:2    | Reached skill level 15 in Poison Magic
 16975 | Coc:6    | Reached skill level 18 in Spellcasting
 16975 | Coc:6    | Reached skill level 20 in Unarmed Combat
 17002 | Coc:7    | Entered Level 7 of Cocytus
 17113 | Coc:7    | Reached skill level 19 in Dodging
 17140 | Coc:7    | Reached skill level 18 in Stealth
 17153 | Coc:7    | Reached skill level 19 in Invocations
 17177 | Coc:7    | Noticed Antaeus
 17208 | Coc:7    | Killed Antaeus
 17233 | Coc:7    | Got an icy rune of Zot
 17300 | Dis:1    | Entered Level 1 of the Iron City of Dis
 17624 | Dis:5    | Reached skill level 20 in Maces & Flails
 17793 | Dis:7    | Entered Level 7 of the Iron City of Dis
 17826 | Dis:7    | Reached skill level 18 in Fighting
 17826 | Dis:7    | Reached skill level 18 in Short Blades
 17826 | Dis:7    | Reached skill level 18 in Long Blades
 17826 | Dis:7    | Reached skill level 18 in Axes
 17826 | Dis:7    | Reached skill level 18 in Polearms
 17826 | Dis:7    | Reached skill level 18 in Staves
 17826 | Dis:7    | Reached skill level 18 in Slings
 17826 | Dis:7    | Reached skill level 18 in Bows
 17826 | Dis:7    | Reached skill level 18 in Crossbows
 17826 | Dis:7    | Reached skill level 18 in Throwing
 17826 | Dis:7    | Reached skill level 18 in Armour
 17826 | Dis:7    | Reached skill level 18 in Shields
 17826 | Dis:7    | Reached skill level 18 in Evocations
 17946 | Dis:7    | Gained mutation: You are frail. (-10% HP) [a cacodemon]
 17947 | Dis:7    | Gained mutation: Your magical capacity is low. (-10% MP) [a cacodemon]
 17948 | Dis:7    | Reached skill level 21 in Unarmed Combat
 18006 | Dis:7    | Gained mutation: Your magical capacity is very low. (-20% MP) [a cacodemon]
 18025 | Dis:7    | Noticed Dispater
 18030 | Dis:7    | Reached skill level 20 in Dodging
 18055 | Dis:7    | Killed Dispater
 18061 | Dis:7    | Identified the Volume of Cankerous Evil
 18064 | Dis:7    | Got an iron rune of Zot
 18106 | Hell     | Found a gateway to the ashen valley of Gehenna.
 18115 | Geh:1    | Entered Level 1 of Gehenna
 18165 | Geh:1    | Lost mutation: Your magical capacity is very low. (-20% MP) [potion of mutation]
 18165 | Geh:1    | Lost mutation: You are frail. (-10% HP) [potion of mutation]
 18165 | Geh:1    | Gained mutation: Your flesh is cold resistant. (rC+) [potion of mutation]
 18165 | Geh:1    | Gained mutation: You passively map a small area around you. [potion of mutation]
 18165 | Geh:1    | Gained mutation: You are partially covered in slimy green scales. (AC +2) [potion of mutation]
 18432 | Geh:5    | Reached skill level 17 in Necromancy
 18456 | Geh:5    | Cast into level 3 of the Abyss (a lich)
 18543 | Geh:5    | Escaped the Abyss
 18594 | Geh:7    | Entered Level 7 of Gehenna
 18648 | Geh:7    | Noticed the Serpent of Hell
 18660 | Geh:7    | Killed the Serpent of Hell
 18693 | Geh:7    | Identified the Volume of Ashen Boosts
 18713 | Geh:7    | Reached skill level 19 in Spellcasting
 18725 | Geh:7    | Reached skill level 21 in Maces & Flails
 18725 | Geh:7    | Reached skill level 16 in Conjurations
 18725 | Geh:7    | Reached skill level 16 in Hexes
 18725 | Geh:7    | Reached skill level 16 in Charms
 18725 | Geh:7    | Reached skill level 16 in Summonings
 18725 | Geh:7    | Reached skill level 16 in Translocations
 18725 | Geh:7    | Reached skill level 16 in Transmutations
 18725 | Geh:7    | Reached skill level 16 in Fire Magic
 18725 | Geh:7    | Reached skill level 16 in Ice Magic
 18725 | Geh:7    | Reached skill level 16 in Air Magic
 18725 | Geh:7    | Reached skill level 16 in Earth Magic
 18725 | Geh:7    | Reached skill level 16 in Poison Magic
 18803 | Geh:7    | Identified the ring "Lalo" {rC+ EV+3 Str+2} (You found it on level 7 of Gehenna)
 18804 | Geh:7    | Identified the +6 morningstar "Qihymarr" {vamp, +Rage rPois Str+3 Int+2} (You found it on level 7 of Gehenna)
 18805 | Geh:7    | Got a slimy iron ring
 18807 | Geh:7    | Identified the ring of Temptation {rC+ rN+ Str+2 Int+3 Dex+4} (You found it on level 7 of Gehenna)
 18828 | Geh:7    | Noticed Asmodeus
 18854 | Geh:7    | Killed Asmodeus
 18854 | Geh:7    | Reached skill level 20 in Invocations
 18868 | Geh:7    | Got an obsidian rune of Zot
 18953 | Geh:7    | Reached skill level 19 in Stealth
 18976 | Geh:7    | HP: 28/284 [molten gargoyle/bolt of magma (25)]
 18976 | Geh:7    | HP: 13/284 [balrug/demon whip (10)]
 18976 | Geh:7    | Slain by a balrug

Vault maps used:
D:1:      lightli_molten_gateway
D:2:      hex_medium, uniq_sigmund
D:3:      old_standard_altar, amethyst_overflow_temple_binary, first_ration,
          minmay_checkerbox
D:4:      nicolae_ashenzari_panopticon, minmay_temple_entry_statues_fountains,
          eino_small_chamber_without_monster, st_stairs_4,
          minmay_misc_feat_diagonals
D:5:      grunt_dithmenos_smoke, uniq_ijyb, uniq_edmund
D:6:      chequers_temple_overflow_statue_of_worship, serial_shops,
          kennysheep_little_box, nicolae_shop_behind_doors
D:7:      enter_bailey_3, kennysheep_generic_room_2
D:8:      grunt_temple_overflow_champion_of_chaos
D:9:      cheibrodos_elevator_heist, kennysheep_decorative_pillar,
          grunt_decor_one_mirror, hangedman_abyss_or_decor_clamps, uniq_erica,
          uniq_grum, uniq_psyche, uniq_pikel
D:10:     david_orc_3, hangedman_fish_farm
D:11:     grunt_lair_entry_orc_guard_hut, corner_web_ring
D:12:     st_stairs_11, minmay_variable_closet, minmay_misc_feat_roman
D:13:     uniq_snorg
D:14:     david_vaults_5, serial_shops, shop_coins, minmay_strange_pillars,
          uniq_urug
D:15:     hangedman_slaughterboxes
Temple:   pf_slimified_temple
Lair:1:   grunt_megastairs_5, minmay_lair_oklob_chamber, lemuel_fruit_tree,
          uniq_joseph
Lair:2:   lemuel_fruit_fields, serial_bayou_shore_b
Lair:3:   minmay_lair_venomous_thicket, nicolae_spider_entry_non_spiders
Lair:4:   nicolae_swamp_entry_splash_gauntlet, basic_altar
Lair:5:   slime_dummy, disabler_island, infiniplex_staircase_pool
Lair:6:   minmay_lair_end_enchanted_forest, basic_altar, lab_entry_generic,
          minmay_lair_oklob_bushes
Swamp:1:  evilmike_swamp_ruin_rubble_1, swamp_pool1, uniq_nikola, uniq_donald
Swamp:2:  hangedman_swamp_diagram, swamp_pool4
Swamp:3:  evilmike_swamp_ruin_house_5, infiniplex_staircase_pool_2, uniq_aizul
Swamp:4:  swamp_vile, swamp_pool1
Spider:1: lemuel_spider_zombies, nicolae_spider_circle_web, spider_trap
Spider:3: cheibrodos_spider_deadly_dance, spider_trap, uniq_arachne
Spider:4: grunt_spider_rune_circles, nicolae_spider_ant_collections
Slime:3:  cheibrodos_slime_lost_civilization_10
Slime:4:  nicolae_slime_welcoming_committee
Orc:1:    nicolae_orc_accident_2
Orc:2:    grunt_orc_gardens, grunt_orc_garden, grunt_orc_garden,
          grunt_orc_garden, grunt_orc_garden, trog_book
Elf:1:    minmay_elf_arrival_summoners, serial_shops, shop, shop,
          minmay_elf_crystal_hexagon, minmay_misc_feat_five, uniq_louise
Vaults:1: nicolae_vaults_triangles, ontoclasm_vaults_misaligned,
          ontoclasm_vaults_ring_large, vaults_room_stairs_pillars,
          vaults_standard_mumra_x, grunt_vaults_diagonal,
          nicolae_vaults_alarming, nicolae_vaults_three_branches,
          vaults_room_grid, hangedman_vaults_nodes, ontoclasm_vaults_spin,
          serial_ice_m, mu_enter_wizlab_4
Vaults:2: nicolae_vaults_little_squares_1, nicolae_vaults_murderbox,
          nicolae_vaults_ring_of_whatevers, v_misc_15,
          nicolae_vaults_diagonal_hallway_6, nicolae_vaults_little_ls,
          v_misc_26, grunt_vaults_funnel, hangedman_vaults_trim, v_misc_29,
          ontoclasm_vaults_chip, vaults_mumra_chevron, v_misc_15, serial_shops,
          shop, shop, shop_fountains
Vaults:3: v_alt_pattern_4, blue_anna_dwarven_crypt, ontoclasm_vaults_tryst,
          vaults_standard_mumra_lines, v_misc_27,
          nicolae_vaults_little_squares_2, v_pattern_5, v_misc_9,
          vaults_room_grunt_arrival_ludios, vaults_dpeg_hooks, st_lattice,
          nicolae_vaults_shelves_hall, v_misc_29, vaults_dpeg_diagonal,
          serial_shops, shop_scrolls
Vaults:4: v_misc_5, v_misc_19, hangedman_vaults_river_flow,
          hangedman_vaults_stitches, ontoclasm_vaults_bender,
          nicolae_vaults_circle_grid_b, v_misc_16,
          nicolae_vaults_little_squares_4, ontoclasm_vaults_misaligned,
          v_misc_15
Vaults:5: serial_shops, uniq_margery, uniq_sojobo
Crypt:2:  basic_altar, wad_floor_pattern_untrapped, uniq_bai_suzhen
Crypt:3:  quadcrypt_mu
Depths:1: minmay_roctagon, abyss_entry_crystal, serial_shops, shop,
          grunt_metal_band, roderic_roman_lattice, lemuel_flamethrower_2,
          minmay_shop_grove, serial_bayou_shore_b
Depths:2: minmay_glassy_protrusions, enter_trove_6, hell_entry,
          infiniplex_staircase_split_hallway
Depths:3: kennysheep_gozag_temple, enter_ziggurat_c,
          hangedman_abyss_or_decor_lesser_grid, pan_entry, hell_entry,
          abyss_entry, basic_stair_grate_trap,
          minmay_staircase_statues_hall_small
Depths:4: wad_arrow_thing, grunt_hell_entry_dis_grunt,
          minmay_misc_feat_ornament, abyss_entry
Dis:4:    hangedman_dis_decor_blocks_crown
Dis:7:    dis_st
Geh:1:    grunt_megastairs_3
Geh:3:    nicolae_geh_fiery_graves
Geh:7:    evilmike_geh
Coc:7:    coc_mu
Abyss:3:  evilmike_abyss_exit_7, hangedman_abyss_feature_spike,
          evilmike_nicolae_abyss_rune_containment_curve, bh_abyss_exit_grid,
          evilmike_abyss_exit_2, evilmike_abyss_exit_glass
Abyss:4:  doesnt_abyss_rune_brain_food, grunt_abyss_exit_deep_breaths,
          evilmike_abyss_exit_chaos
Zig:9:    ziggurat_pillar_centre_c
Zig:10:   ziggurat_pillar_centre_dead_trees
Zig:12:   ziggurat_pillar_centre_oklobs
Lab:      labyrinth_mini_lab, nicolae_lab_x, nicolae_lab_lava
Bailey:   bailey_polearm_gnolls_kennysheep, bailey

Skill      XL: |  1  2  3  4  5  6  7  8  9 10 11 12 13 14 15 16 17 18 19 20 21 22 23 24 25 26 27 |
---------------+----------------------------------------------------------------------------------+-----
Spellcasting   | 5 6 7 8 9 10 11 12 13 14 15 16 17 19 | 19.1
Fighting       | 1 2 3 4 5 6 7 8 9 10 11 12 13 14 15 16 18 | 18.6
Short Blades   | 1 2 3 4 5 6 7 8 9 10 11 12 13 14 15 16 18 | 18.6
Long Blades    | 1 2 3 4 5 6 7 8 9 10 11 12 13 14 15 16 18 | 18.6
Axes           | 1 2 3 4 5 6 7 8 9 10 11 12 13 14 15 16 18 | 18.6
Maces & Flails | 1 2 3 4 5 6 7 8 9 10 11 12 13 14 15 16 17 21 | 21.2
Polearms       | 1 2 3 4 5 6 7 8 9 10 11 12 13 14 15 16 18 | 18.6
Staves         | 1 2 3 4 5 6 7 8 9 10 11 12 13 14 15 16 18 | 18.6
Slings         | 1 2 3 4 5 6 7 8 9 10 11 12 13 14 15 16 18 | 18.6
Bows           | 1 2 3 4 5 6 7 8 9 10 11 12 13 14 15 16 18 | 18.6
Crossbows      | 1 2 3 4 5 6 7 8 9 10 11 12 13 14 15 16 18 | 18.6
Throwing       | 1 2 3 4 5 6 7 8 9 10 11 12 13 14 15 16 18 | 18.6
Armour         | 1 2 3 4 5 6 7 8 9 10 11 12 13 14 15 16 18 | 18.6
Shields        | 1 2 3 4 5 6 7 8 9 10 11 12 13 14 15 16 18 | 18.6
Unarmed Combat | 1 2 3 4 5 6 7 8 9 10 11 12 13 14 15 16 17 18 21 | 21.8
Conjurations   | 1 2 3 4 5 6 7 8 9 10 11 12 13 14 16 | 16.1
Hexes          | 1 2 3 4 5 6 7 8 9 10 11 12 13 14 16 | 16.1
Charms         | 1 2 3 4 5 6 7 8 9 10 11 12 13 14 16 | 16.1
Summonings     | 1 2 3 4 5 6 7 8 9 10 11 12 13 14 16 | 16.1
Translocations | 1 2 3 4 5 6 7 8 9 10 11 12 13 14 16 | 16.1
Transmutations | 1 2 3 4 5 6 7 8 9 10 11 12 13 14 16 | 16.1
Fire Magic     | 1 2 3 4 5 6 7 8 9 10 11 12 13 14 16 | 16.1
Ice Magic      | 1 2 3 4 5 6 7 8 9 10 11 12 13 14 16 | 16.1
Air Magic      | 1 2 3 4 5 6 7 8 9 10 11 12 13 14 16 | 16.1
Earth Magic    | 1 2 3 4 5 6 7 8 9 10 11 12 13 14 16 | 16.1
Poison Magic   | 1 2 3 4 5 6 7 8 9 10 11 12 13 14 16 | 16.1
Invocations    | 1 2 3 4 5 6 7 8 9 10 11 12 13 14 15 16 17 20 | 20.0
Evocations     | 1 2 3 4 5 6 7 8 9 10 11 12 13 14 15 16 18 | 18.6
Dodging        | 5 6 7 8 9 10 11 12 13 14 15 16 17 20 | 20.8
Stealth        | 5 6 7 8 9 10 11 12 13 14 15 16 17 19 | 19.0
Necromancy     | 8 9 10 11 12 13 14 15 17 | 17.2

Action                   |  1- 3 |  4- 6 |  7- 9 | 10-12 | 13-15 | 16-18 | 19-21 | 22-24 | 25-27 || total
-------------------------+-------+-------+-------+-------+-------+-------+-------+-------+-------++-------
Melee: Short sword       |     3 |    49 |    17 |    11 |     7 |       |       |       |       ||    87
       Bite              |       |     3 |    18 |    28 |    53 |    81 |    81 |    99 |   136 ||   499
       Punch             |       |     1 |       |       |       |       |       |       |       ||     1
       Unarmed           |       |       |    29 |    36 |       |       |    19 |   350 |   611 ||  1045
       Flail             |       |       |    74 |     2 |       |       |       |       |       ||    76
       Morningstar       |       |       |    21 |     7 |       |       |       |       |       ||    28
       Long sword        |       |       |       |    16 |       |     1 |       |       |       ||    17
       Broad axe         |       |       |       |   125 |   262 |   349 |   305 |   146 |   101 ||  1288
       Demon whip        |       |       |       |       |       |    16 |       |       |       ||    16
Throw: Stone             |       |     1 |     1 |       |       |       |       |       |       ||     2
       Tomahawk          |       |       |     9 |     9 |     9 |       |       |       |       ||    27
       Javelin           |       |       |       |     1 |     7 |    16 |    15 |     6 |    10 ||    55
       Throwing net      |       |       |       |       |       |       |     1 |     5 |     3 ||     9
 Cast: Pain              |    13 |    60 |    45 |     2 |     1 |     1 |       |       |       ||   122
       Vampiric Draining |     2 |     2 |     8 |     3 |       |       |       |       |       ||    15
       Animate Skeleton  |     1 |       |     7 |    11 |     5 |     2 |     2 |     2 |       ||    30
       Regeneration      |       |     2 |     8 |     9 |    10 |    23 |    28 |    41 |    57 ||   178
       Ozocubu's Armour  |       |       |     9 |     4 |       |       |       |       |       ||    13
       Borgnjor's Vile C |       |       |     8 |    47 |    82 |    81 |    62 |    43 |    70 ||   393
       Animate Dead      |       |       |     3 |     3 |    12 |     8 |       |     8 |     3 ||    37
       Apportation       |       |       |       |       |   108 |    97 |    53 |    94 |   101 ||   453
       Statue Form       |       |       |       |       |    21 |    52 |    39 |    48 |    66 ||   226
       Blink             |       |       |       |       |     2 |     7 |    13 |    39 |    80 ||   141
       Summon Lightning  |       |       |       |       |     2 |    15 |     5 |     1 |     4 ||    27
       Irradiate         |       |       |       |       |       |    15 |     5 |    19 |    53 ||    92
       Ignition          |       |       |       |       |       |       |     2 |     7 |    64 ||    73
       Chain Lightning   |       |       |       |       |       |       |       |     3 |       ||     3
       Passage of Golubr |       |       |       |       |       |       |       |       |    89 ||    89
       Shatter           |       |       |       |       |       |       |       |       |     1 ||     1
       Lesser Beckoning  |       |       |       |       |       |       |       |       |    15 ||    15
       Passwall          |       |       |       |       |       |       |       |       |     6 ||     6
       Aura of Abjuratio |       |       |       |       |       |       |       |       |     4 ||     4
Invok: Bend Time         |       |       |       |     1 |       |       |     1 |       |     9 ||    11
       Slouch            |       |       |       |     1 |     5 |    13 |    25 |    12 |    50 ||   106
       Temporal Distorti |       |       |       |       |       |       |       |     1 |       ||     1
 Abil: Evoke Flight      |       |       |       |       |     1 |       |       |       |    12 ||    13
       End Transformatio |       |       |       |       |       |       |     1 |     2 |     2 ||     5
       Evoke Invisibilit |       |       |       |       |       |       |       |       |     3 ||     3
       Stop Flying       |       |       |       |       |       |       |       |       |     3 ||     3
Evoke: Wand              |       |     1 |     8 |    22 |    31 |    18 |    28 |     5 |    10 ||   123
       Lightning rod     |       |       |       |       |     7 |       |       |     3 |       ||    10
       Box of beasts     |       |       |       |       |       |       |     2 |     1 |     2 ||     5
       Staff of energy   |       |       |       |       |       |       |       |       |    23 ||    23
       Phantom mirror    |       |       |       |       |       |       |       |       |     4 ||     4
       Phial of floods   |       |       |       |       |       |       |       |       |     1 ||     1
  Use: Potion            |     3 |       |     5 |     1 |     2 |     9 |    32 |     5 |    12 ||    69
       Scroll            |       |     5 |     3 |     6 |    17 |    18 |    19 |    21 |    35 ||   124
 Stab: Sleeping          |     2 |     7 |     5 |    10 |     9 |     6 |    11 |    20 |     5 ||    75
       Distracted        |       |       |     1 |     3 |     7 |    14 |     2 |     6 |    12 ||    45
       Invisible         |       |       |       |     2 |       |       |     4 |       |     1 ||     7
       Paralysed         |       |       |       |     5 |     5 |     9 |     1 |       |       ||    20
       Confused          |       |       |       |       |     2 |     2 |       |       |       ||     4
       Held in net/web   |       |       |       |       |       |       |     1 |     5 |     1 ||     7
  Eat: Chunk             |       |     1 |     6 |     8 |     1 |     1 |     1 |       |       ||    18
       Ration            |       |       |       |     1 |     3 |     4 |     4 |     5 |     8 ||    25
Armor: Robe              |     2 |     6 |    21 |    42 |    32 |     6 |    11 |       |       ||   120
       Skin              |       |       |    14 |     3 |   219 |   277 |   176 |   193 |   590 ||  1472
       Troll leather arm |       |       |       |       |       |       |       |     1 |     4 ||     5
Dodge: Dodged            |     2 |    30 |   119 |   212 |   808 |  1006 |   603 |   714 |  2806 ||  6300
Block: Buckler           |       |    11 |    78 |   145 |   469 |       |       |       |       ||   703
       Shield            |       |       |       |       |     4 |   855 |   617 |   899 |  2785 ||  5160
       Reflection        |       |       |       |       |       |    17 |    50 |    37 |    50 ||   154
       Rpst.: Long sword |       |       |       |     4 |       |       |       |       |       ||     4

Table legend:
 A = Spawn XP
 B = Non-spawn XP
 C = Spawn XP percentage of total XP
 D = Spawn monster count
 E = Non-spawn monster count
 F = Spawn count percentage of total count
 G = Total turns spent on level
                    A         B        C        D         E        F      G
               +---------+---------+-------+---------+---------+-------+---------
         Total |   30079 | 1681695 |   1.8 |      58 |    2760 |   2.1 | 18976
               +---------+---------+-------+---------+---------+-------+---------
           D:1 |       0 |      11 |   0.0 |       0 |       6 |   0.0 |   283
           D:2 |       0 |     284 |   0.0 |       0 |      13 |   0.0 |   296
           D:3 |       0 |     201 |   0.0 |       0 |      22 |   0.0 |   387
           D:4 |       0 |     167 |   0.0 |       0 |       8 |   0.0 |   339
           D:5 |       0 |     554 |   0.0 |       0 |      10 |   0.0 |   373
           D:6 |       0 |     761 |   0.0 |       0 |      18 |   0.0 |   295
           D:7 |       0 |    1148 |   0.0 |       0 |      29 |   0.0 |   416
           D:8 |       0 |    2913 |   0.0 |       0 |      36 |   0.0 |   456
           D:9 |       0 |    5331 |   0.0 |       0 |      40 |   0.0 |   406
          D:10 |       0 |    3364 |   0.0 |       0 |      31 |   0.0 |   499
          D:11 |       0 |    2924 |   0.0 |       0 |      23 |   0.0 |   393
          D:12 |       0 |     532 |   0.0 |       0 |       8 |   0.0 |   243
          D:13 |       0 |    5601 |   0.0 |       0 |      28 |   0.0 |   317
          D:14 |       0 |    9671 |   0.0 |       0 |      32 |   0.0 |   491
          D:15 |       0 |   47402 |   0.0 |       0 |      91 |   0.0 |   624
        Lair:1 |       0 |    5535 |   0.0 |       0 |      22 |   0.0 |   229
        Lair:2 |       0 |    3369 |   0.0 |       0 |      13 |   0.0 |   235
        Lair:3 |       0 |    5488 |   0.0 |       0 |      28 |   0.0 |   175
        Lair:4 |       0 |    3940 |   0.0 |       0 |      21 |   0.0 |   244
        Lair:5 |       0 |    3150 |   0.0 |       0 |       6 |   0.0 |   224
        Lair:6 |       0 |   26482 |   0.0 |       0 |      93 |   0.0 |   422
       Swamp:1 |       0 |   14674 |   0.0 |       0 |      32 |   0.0 |   178
       Swamp:2 |       0 |    3618 |   0.0 |       0 |      11 |   0.0 |   150
       Swamp:3 |       0 |    9962 |   0.0 |       0 |      19 |   0.0 |   111
       Swamp:4 |       0 |   23878 |   0.0 |       0 |      47 |   0.0 |   327
      Spider:1 |       0 |    7246 |   0.0 |       0 |      26 |   0.0 |   182
      Spider:2 |       0 |    6976 |   0.0 |       0 |      29 |   0.0 |   131
      Spider:3 |       0 |    9318 |   0.0 |       0 |      26 |   0.0 |   158
      Spider:4 |       0 |   26405 |   0.0 |       0 |      46 |   0.0 |   241
       Slime:1 |       0 |   13414 |   0.0 |       0 |      15 |   0.0 |    46
       Slime:2 |       0 |    3209 |   0.0 |       0 |      12 |   0.0 |    53
       Slime:3 |       0 |    1080 |   0.0 |       0 |       4 |   0.0 |    25
       Slime:4 |       0 |    6712 |   0.0 |       0 |      19 |   0.0 |    76
       Slime:5 |       0 |   42999 |   0.0 |       0 |      25 |   0.0 |   310
         Orc:1 |       0 |    6243 |   0.0 |       0 |      41 |   0.0 |   339
         Orc:2 |       0 |   11847 |   0.0 |       0 |      44 |   0.0 |   508
      Vaults:1 |       0 |   23859 |   0.0 |       0 |      39 |   0.0 |   450
      Vaults:2 |       0 |    5386 |   0.0 |       0 |       5 |   0.0 |   116
      Vaults:3 |       0 |   28316 |   0.0 |       0 |      46 |   0.0 |   374
      Vaults:4 |       0 |   30868 |   0.0 |       0 |      54 |   0.0 |   290
      Vaults:5 |       0 |  183327 |   0.0 |       0 |     153 |   0.0 |   733
       Crypt:1 |       0 |   10148 |   0.0 |       0 |      21 |   0.0 |   119
       Crypt:2 |       0 |   15027 |   0.0 |       0 |      17 |   0.0 |   248
       Crypt:3 |       0 |   44991 |   0.0 |       0 |      66 |   0.0 |   615
        Tomb:1 |       0 |   78525 |   0.0 |       0 |      79 |   0.0 |   444
        Tomb:2 |       0 |   10662 |   0.0 |       0 |      13 |   0.0 |   194
        Tomb:3 |       0 |  122095 |   0.0 |       0 |     116 |   0.0 |   272
      Depths:1 |       0 |   31822 |   0.0 |       0 |      39 |   0.0 |   230
      Depths:2 |       0 |   23578 |   0.0 |       0 |      24 |   0.0 |   262
      Depths:3 |     789 |   23828 |   3.2 |       1 |      23 |   4.2 |   148
          Hell |       0 |   45936 |   0.0 |       0 |      69 |   0.0 |   177
         Dis:2 |       0 |    9852 |   0.0 |       0 |      36 |   0.0 |    84
         Dis:3 |       0 |    4241 |   0.0 |       0 |      11 |   0.0 |    93
         Dis:4 |       0 |   16838 |   0.0 |       0 |      32 |   0.0 |   111
         Dis:5 |       0 |   12917 |   0.0 |       0 |      14 |   0.0 |    56
         Dis:6 |       0 |   18019 |   0.0 |       0 |      40 |   0.0 |   124
         Dis:7 |       0 |   76017 |   0.0 |       0 |      72 |   0.0 |   294
         Geh:1 |       0 |   12529 |   0.0 |       0 |      39 |   0.0 |    77
         Geh:2 |       0 |   16927 |   0.0 |       0 |      18 |   0.0 |   102
         Geh:3 |       0 |    6946 |   0.0 |       0 |      11 |   0.0 |    76
         Geh:4 |       0 |    2411 |   0.0 |       0 |       8 |   0.0 |    59
         Geh:5 |       0 |   13702 |   0.0 |       0 |      20 |   0.0 |    47
         Geh:6 |       0 |    2685 |   0.0 |       0 |       4 |   0.0 |    31
         Geh:7 |       0 |   76902 |   0.0 |       0 |      60 |   0.0 |   382
         Coc:1 |       0 |    1061 |   0.0 |       0 |       1 |   0.0 |    33
         Coc:2 |       0 |    9400 |   0.0 |       0 |      15 |   0.0 |    87
         Coc:3 |       0 |    6217 |   0.0 |       0 |       4 |   0.0 |    13
         Coc:4 |       0 |    1662 |   0.0 |       0 |       7 |   0.0 |    14
         Coc:5 |       0 |    6266 |   0.0 |       0 |      20 |   0.0 |    57
         Coc:6 |       0 |   25947 |   0.0 |       0 |      21 |   0.0 |    30
         Coc:7 |       0 |   64081 |   0.0 |       0 |      79 |   0.0 |   273
       Abyss:2 |    4052 |    1116 |  78.4 |       9 |       3 |  75.0 |    62
       Abyss:3 |   15920 |   14856 |  51.7 |      32 |      42 |  43.2 |   375
       Abyss:4 |    9318 |   18994 |  32.9 |      16 |      52 |  23.5 |   417
         Zig:1 |       0 |    2511 |   0.0 |       0 |       1 |   0.0 |    20
         Zig:2 |       0 |    4000 |   0.0 |       0 |      10 |   0.0 |    19
         Zig:3 |       0 |    2879 |   0.0 |       0 |       3 |   0.0 |    20
         Zig:4 |       0 |    5400 |   0.0 |       0 |       5 |   0.0 |    17
         Zig:5 |       0 |    4961 |   0.0 |       0 |      10 |   0.0 |    43
         Zig:6 |       0 |    8474 |   0.0 |       0 |       8 |   0.0 |    32
         Zig:7 |       0 |    6714 |   0.0 |       0 |      11 |   0.0 |    30
         Zig:8 |       0 |    5167 |   0.0 |       0 |      14 |   0.0 |    34
         Zig:9 |       0 |    8709 |   0.0 |       0 |      17 |   0.0 |    37
        Zig:10 |       0 |   13266 |   0.0 |       0 |      18 |   0.0 |    44
        Zig:11 |       0 |   20233 |   0.0 |       0 |      20 |   0.0 |    41
        Zig:12 |       0 |   17561 |   0.0 |       0 |      36 |   0.0 |    40
        Zig:13 |       0 |   26359 |   0.0 |       0 |      24 |   0.0 |    49
        Zig:14 |       0 |   15538 |   0.0 |       0 |      27 |   0.0 |    90
        Zig:15 |       0 |   25112 |   0.0 |       0 |      44 |   0.0 |    68
        Zig:16 |       0 |   29297 |   0.0 |       0 |      53 |   0.0 |    34
        Zig:17 |       0 |   35414 |   0.0 |       0 |      41 |   0.0 |    62
        Zig:18 |       0 |   33290 |   0.0 |       0 |      38 |   0.0 |    36
           Lab |       0 |    1423 |   0.0 |       0 |       3 |   0.0 |   208
        Bailey |       0 |    1024 |   0.0 |       0 |      30 |   0.0 |   250
               +---------+---------+-------+---------+---------+-------+---------

Table legend:
 A = Turns spent in this place as a percentage of turns spent in the entire game.
 B = Non-inter-level travel turns spent in this place as a percentage of non-inter-level travel turns spent in the entire game.
 C = Inter-level travel turns spent in this place as a percentage of turns spent in this place.
 D = Turns resting spent in this place as a percentage of non-inter-level travel turns spent in this place.
 E = Turns spent auto-exploring this place as a percentage of non-inter-level travel turns spent in this place.
 F = Non-inter-level travel turns spent in this place divided by the number of levels of this place that you've seen.
                   A       B       C       D       E      F
               +-------+-------+-------+-------+-------+----------------------
         Total | 100.0 | 100.0 |   0.4 |   0.0 |   0.0 | 187.1
       Dungeon |  30.7 |  30.6 |   0.7 |   0.1 |   0.0 | 385.2
        Temple |   0.1 |   0.1 |   0.0 |   0.0 |   0.0 |  11.0
          Lair |   8.1 |   8.1 |   0.0 |   0.0 |   0.0 | 254.8
         Swamp |   4.0 |   4.1 |   0.0 |   0.0 |   0.0 | 191.5
   Spider Nest |   3.8 |   3.8 |   0.0 |   0.0 |   0.0 | 178.0
    Slime Pits |   2.7 |   2.7 |   0.0 |   0.0 |   0.0 | 102.0
  Orcish Mines |   4.5 |   4.3 |   3.3 |   0.0 |   0.0 | 409.5
   Elven Halls |   0.0 |   0.0 |   0.0 |   0.0 |   0.0 |   4.0
        Vaults |  10.3 |  10.4 |   0.0 |   0.0 |   0.0 | 392.6
         Crypt |   5.2 |   5.2 |   0.0 |   0.0 |   0.0 | 327.3
          Tomb |   4.8 |   4.8 |   0.9 |   0.0 |   0.0 | 300.7
        Depths |   3.4 |   3.4 |   0.0 |   0.5 |   0.0 | 162.8
          Hell |   0.9 |   0.9 |   0.0 |   0.0 |   0.0 | 177.0
           Dis |   4.1 |   4.2 |   0.0 |   0.0 |   0.0 | 112.4
       Gehenna |   4.1 |   4.1 |   0.0 |   0.0 |   0.0 | 110.6
       Cocytus |   2.7 |   2.7 |   0.0 |   0.0 |   0.0 |  72.4
         Abyss |   4.5 |   4.5 |   0.0 |   0.0 |   0.0 | 142.3
      Ziggurat |   3.8 |   3.8 |   0.0 |   0.0 |   0.0 |  39.8
     Labyrinth |   1.1 |   1.1 |   0.0 |   0.0 |   0.0 | 208.0
        Bailey |   1.3 |   1.3 |   0.0 |   0.0 |   0.0 | 250.0
               +-------+-------+-------+-------+-------+----------------------

Table legend:
 A = Kills in this place as a percentage of kills in entire the game.
 B = Kills by you in this place as a percentage of kills by you in the entire game.
 C = Kills by friends in this place as a percentage of kills by friends in the entire game.
 D = Other kills in this place as a percentage of other kills in the entire game.
 E = Experience gained in this place as a percentage of experience gained in the entire game.
 F = Experience gained in this place divided by the number of levels of this place that you have seen.
                   A       B       C       D       E      F
               +-------+-------+-------+-------+-------+----------------------
         Total | 100.0 | 100.0 | 100.0 | 100.0 | 100.0 | 16948.3
       Dungeon |  14.0 |  14.4 |   8.8 |  12.5 |   4.7 | 5390.9
          Lair |   6.5 |   6.2 |  12.3 |   0.0 |   2.8 | 7994.0
         Swamp |   3.9 |   3.6 |   8.2 |   4.2 |   3.0 | 13033.0
   Spider Nest |   4.5 |   3.8 |  15.8 |   0.0 |   2.9 | 12486.2
    Slime Pits |   2.7 |   2.7 |   1.8 |   0.0 |   3.9 | 13482.8
  Orcish Mines |   3.0 |   3.1 |   2.3 |   0.0 |   1.1 | 9045.0
        Vaults |  10.5 |  10.4 |   6.4 |  50.0 |  15.9 | 54351.2
         Crypt |   3.7 |   3.9 |   1.8 |   0.0 |   4.1 | 23388.7
          Tomb |   7.4 |   6.5 |  22.2 |   0.0 |  12.3 | 70427.3
        Depths |   3.1 |   3.2 |   0.0 |   8.3 |   4.7 | 20004.2
          Hell |   2.4 |   2.6 |   0.0 |   0.0 |   2.7 | 45936.0
           Dis |   7.3 |   7.4 |   6.4 |   4.2 |   8.1 | 19697.7
       Gehenna |   5.7 |   6.1 |   0.0 |   4.2 |   7.7 | 18871.7
       Cocytus |   5.2 |   5.0 |   8.8 |   8.3 |   6.7 | 16376.3
         Abyss |   5.5 |   5.8 |   0.6 |   4.2 |   3.8 | 10709.3
      Ziggurat |  13.5 |  14.4 |   0.0 |   4.2 |  15.5 | 14715.8
     Labyrinth |   0.1 |   0.1 |   0.0 |   0.0 |   0.1 | 1423.0
        Bailey |   1.1 |   0.8 |   4.7 |   0.0 |   0.1 | 1024.0
               +-------+-------+-------+-------+-------+----------------------

Vault maps used:
D:1:      lightli_molten_gateway
D:2:      hex_medium, uniq_sigmund
D:3:      old_standard_altar, amethyst_overflow_temple_binary, first_ration,
          minmay_checkerbox
D:4:      nicolae_ashenzari_panopticon, minmay_temple_entry_statues_fountains,
          eino_small_chamber_without_monster, st_stairs_4,
          minmay_misc_feat_diagonals
D:5:      grunt_dithmenos_smoke, uniq_ijyb, uniq_edmund
D:6:      chequers_temple_overflow_statue_of_worship, serial_shops,
          kennysheep_little_box, nicolae_shop_behind_doors
D:7:      enter_bailey_3, kennysheep_generic_room_2
D:8:      grunt_temple_overflow_champion_of_chaos
D:9:      cheibrodos_elevator_heist, kennysheep_decorative_pillar,
          grunt_decor_one_mirror, hangedman_abyss_or_decor_clamps, uniq_erica,
          uniq_grum, uniq_psyche, uniq_pikel
D:10:     david_orc_3, hangedman_fish_farm
D:11:     grunt_lair_entry_orc_guard_hut, corner_web_ring
D:12:     st_stairs_11, minmay_variable_closet, minmay_misc_feat_roman
D:13:     uniq_snorg
D:14:     david_vaults_5, serial_shops, shop_coins, minmay_strange_pillars,
          uniq_urug
D:15:     hangedman_slaughterboxes
Temple:   pf_slimified_temple
Lair:1:   grunt_megastairs_5, minmay_lair_oklob_chamber, lemuel_fruit_tree,
          uniq_joseph
Lair:2:   lemuel_fruit_fields, serial_bayou_shore_b
Lair:3:   minmay_lair_venomous_thicket, nicolae_spider_entry_non_spiders
Lair:4:   nicolae_swamp_entry_splash_gauntlet, basic_altar
Lair:5:   slime_dummy, disabler_island, infiniplex_staircase_pool
Lair:6:   minmay_lair_end_enchanted_forest, basic_altar, lab_entry_generic,
          minmay_lair_oklob_bushes
Swamp:1:  evilmike_swamp_ruin_rubble_1, swamp_pool1, uniq_nikola, uniq_donald
Swamp:2:  hangedman_swamp_diagram, swamp_pool4
Swamp:3:  evilmike_swamp_ruin_house_5, infiniplex_staircase_pool_2, uniq_aizul
Swamp:4:  swamp_vile, swamp_pool1
Spider:1: lemuel_spider_zombies, nicolae_spider_circle_web, spider_trap
Spider:3: cheibrodos_spider_deadly_dance, spider_trap, uniq_arachne
Spider:4: grunt_spider_rune_circles, nicolae_spider_ant_collections
Slime:3:  cheibrodos_slime_lost_civilization_10
Slime:4:  nicolae_slime_welcoming_committee
Orc:1:    nicolae_orc_accident_2
Orc:2:    grunt_orc_gardens, grunt_orc_garden, grunt_orc_garden,
          grunt_orc_garden, grunt_orc_garden, trog_book
Elf:1:    minmay_elf_arrival_summoners, serial_shops, shop, shop,
          minmay_elf_crystal_hexagon, minmay_misc_feat_five, uniq_louise
Vaults:1: nicolae_vaults_triangles, ontoclasm_vaults_misaligned,
          ontoclasm_vaults_ring_large, vaults_room_stairs_pillars,
          vaults_standard_mumra_x, grunt_vaults_diagonal,
          nicolae_vaults_alarming, nicolae_vaults_three_branches,
          vaults_room_grid, hangedman_vaults_nodes, ontoclasm_vaults_spin,
          serial_ice_m, mu_enter_wizlab_4
Vaults:2: nicolae_vaults_little_squares_1, nicolae_vaults_murderbox,
          nicolae_vaults_ring_of_whatevers, v_misc_15,
          nicolae_vaults_diagonal_hallway_6, nicolae_vaults_little_ls,
          v_misc_26, grunt_vaults_funnel, hangedman_vaults_trim, v_misc_29,
          ontoclasm_vaults_chip, vaults_mumra_chevron, v_misc_15, serial_shops,
          shop, shop, shop_fountains
Vaults:3: v_alt_pattern_4, blue_anna_dwarven_crypt, ontoclasm_vaults_tryst,
          vaults_standard_mumra_lines, v_misc_27,
          nicolae_vaults_little_squares_2, v_pattern_5, v_misc_9,
          vaults_room_grunt_arrival_ludios, vaults_dpeg_hooks, st_lattice,
          nicolae_vaults_shelves_hall, v_misc_29, vaults_dpeg_diagonal,
          serial_shops, shop_scrolls
Vaults:4: v_misc_5, v_misc_19, hangedman_vaults_river_flow,
          hangedman_vaults_stitches, ontoclasm_vaults_bender,
          nicolae_vaults_circle_grid_b, v_misc_16,
          nicolae_vaults_little_squares_4, ontoclasm_vaults_misaligned,
          v_misc_15
Vaults:5: serial_shops, uniq_margery, uniq_sojobo
Crypt:2:  basic_altar, wad_floor_pattern_untrapped, uniq_bai_suzhen
Crypt:3:  quadcrypt_mu
Depths:1: minmay_roctagon, abyss_entry_crystal, serial_shops, shop,
          grunt_metal_band, roderic_roman_lattice, lemuel_flamethrower_2,
          minmay_shop_grove, serial_bayou_shore_b
Depths:2: minmay_glassy_protrusions, enter_trove_6, hell_entry,
          infiniplex_staircase_split_hallway
Depths:3: kennysheep_gozag_temple, enter_ziggurat_c,
          hangedman_abyss_or_decor_lesser_grid, pan_entry, hell_entry,
          abyss_entry, basic_stair_grate_trap,
          minmay_staircase_statues_hall_small
Depths:4: wad_arrow_thing, grunt_hell_entry_dis_grunt,
          minmay_misc_feat_ornament, abyss_entry
Dis:4:    hangedman_dis_decor_blocks_crown
Dis:7:    dis_st
Geh:1:    grunt_megastairs_3
Geh:3:    nicolae_geh_fiery_graves
Geh:7:    evilmike_geh
Coc:7:    coc_mu
Abyss:3:  evilmike_abyss_exit_7, hangedman_abyss_feature_spike,
          evilmike_nicolae_abyss_rune_containment_curve, bh_abyss_exit_grid,
          evilmike_abyss_exit_2, evilmike_abyss_exit_glass
Abyss:4:  doesnt_abyss_rune_brain_food, grunt_abyss_exit_deep_breaths,
          evilmike_abyss_exit_chaos
Zig:9:    ziggurat_pillar_centre_c
Zig:10:   ziggurat_pillar_centre_dead_trees
Zig:12:   ziggurat_pillar_centre_oklobs
Lab:      labyrinth_mini_lab, nicolae_lab_x, nicolae_lab_lava
Bailey:   bailey_polearm_gnolls_kennysheep, bailey
